 Dungeon Crawl Stone Soup version 0.30.0-20-g3615ddf2f0 (webtiles) character file.

Game seed: 6968689064879973433

39811 qw the Cleaver (level 14, 88/88 HPs)
             Began as a Gargoyle Fighter on June 1, 2023.
             Was an Elder of Okawaru.
             Quit the game on level 11 of the Dungeon.
             The game lasted 00:13:58 (17529 turns).

qw the Cleaver (Gargoyle Fighter)                  Turns: 17529, Time: 00:13:59

Health: 88/88      AC: 53    Str: 25    XL:     14   Next: 8%
Magic:  21/21      EV: 10    Int: 22    God:    Okawaru [****..]
Gold:   543        SH: 15    Dex:  8    Spells: 13/13 levels left

rFire   . . .        q - +16 obsidian axe {drain, demonic, Mesm Drain Fly SInv}
rCold   . . .        k - +0 kite shield
rNeg    + . .        b - +8 orange crystal plate armour {Archmagi, Int+3 Clar}
rPois   inf          g - +2 helmet
rElec   +            z - +0 cloak
rCorr   .            o - +0 pair of gloves
SInv    +            C - +1 pair of boots {rampage}
Will    +....        t - amulet of reflection Stlth
                     w - ring "Valocekh" {EV+5 Str+2}
HPRegen 0.34/turn    F - ring of the Freezing God {rPois AC+4 Int+5 Stlth-}
MPRegen 0.17/turn

%: reflection, clarity, rampage, archmagi
@: flying
A: sickness immunity, AC +10, big wings, negative energy resistance 1,
electricity resistance, torment resistance 1, petrification resistance, hooves
1, clever 1
a: Renounce Religion, Heroism, Finesse


You were on level 11 of the Dungeon.
You worshipped Okawaru.
Okawaru was greatly pleased with you.
You visited 3 branches of the dungeon, and saw 17 of its levels.
You visited 1 bazaar.
You also visited: Sewer.

You collected 1306 gold pieces.
You spent 763 gold pieces at shops.


Innate Abilities, Weirdness & Mutations

You are immune to sickness and miasma.
Your stone body is resilient. (AC +10)
You are immune to poison.
Your large and strong wings let you fly.
You resist negative energy. (rN+)
You are resistant to electric shocks. (rElec)
You are resistant to unholy torment.
You are immune to petrification.
You have large cloven feet.
Your mind is acute. (Int +4, Str/Dex -1)


   Skills:
 - Level 10.0 Fighting
 - Level 13.0 Axes
 - Level 4.0 Throwing
 + Level 12.4 Armour
 - Level 1.0 Dodging
 - Level 11.1 Shields
 - Level 10.0 Invocations


You had 13 spell levels left.
You didn't know any spells.
Your spell library was empty.

Inventory:

Hand Weapons
 n - a +5 morningstar
 q - the +16 obsidian axe (weapon) {drain, demonic, Mesm Drain Fly SInv}
   (Okawaru gifted it to you on level 5 of the Lair of Beasts)

   Mesm:      Its wielder is mesmerised by any visible foes, and it cannot be
   unequipped while any foes are visible.
   SInv:      It lets you see invisible.
   Fly:       It grants you flight.
   Drain:     It drains your maximum health when unequipped.
Missiles
 s - a javelin (quivered)
 E - a boomerang
Armour
 b - the +8 orange crystal plate armour (worn) {Archmagi, Int+3 Clar}
   (You acquired it in a sewer)

   Int:       It affects your intelligence (+3).
   Clar:      It protects you from confusion, rage, mesmerisation and fear.
 g - a +2 helmet (worn)
 k - a +0 kite shield (worn)
 o - a +0 pair of gloves (worn)
 p - +1 acid dragon scales
 z - a +0 cloak (worn)
 C - a +1 pair of boots of rampaging (worn)
Jewellery
 f - a ring of ice
 t - an amulet of reflection (around neck)
 w - the ring "Valocekh" (left hand) {EV+5 Str+2}
   (You found it on level 2 of the Lair of Beasts)

   [ring of evasion]

   EV:        It affects your evasion (+5).
   Str:       It affects your strength (+2).
 y - a ring of fire
 F - the ring of the Freezing God (right hand) {rPois AC+4 Int+5 Stlth-}
   (You found it on level 10 of the Dungeon)

   [ring of protection]

   AC:        It affects your AC (+4).
   Int:       It affects your intelligence (+5).
   rPois:     It protects you from poison.
   Stlth:     It makes you less stealthy.
Wands
 x - a wand of digging (8)
Scrolls
 m - 10 scrolls of identify
 A - a scroll of enchant weapon
Potions
 a - 3 potions of magic
 c - 5 potions of cancellation
 d - 6 potions of might
 e - 4 potions of haste
 h - 2 potions of resistance
 i - 2 potions of attraction
 j - 10 potions of curing
 l - 4 potions of heal wounds
 r - 5 potions of mutation
 v - 3 potions of lignification

Dungeon Overview and Level Annotations

Branches:
Dungeon (11/15)            Temple (1/1) D:5            Lair (5/5) D:8
 Shoals (0/4) Lair:3       Spider (0/4) Lair:3        Slime (0/5) Lair:4
  Sewer (visited)
    Orc: D:9-12

Altars:
Ashenzari
Cheibriados
Dithmenos
Elyvilon
Fedhas
Gozag
Hepliaklqana
Kikubaaqudgha
Makhleb
Nemelex Xobeh
Okawaru
Qazlal
Ru
Sif Muna
Trog
Uskayaw
Vehumet
Wu Jian
Xom
Yredelemnul
Zin
The Shining One
Jiyva

Shops:
D:8 *   D:10 [(

Annotations:
D:7 1 runed translucent door, qw's ghost, novice GrFi
Lair:4 1 runed translucent door


Message History

17490 ||| Stepping randomly (stuck).
17491 ||| Stepping randomly (stuck).
17492 ||| Stepping randomly (stuck).
17493 ||| Stepping randomly (stuck).
17494 ||| Stepping randomly (stuck).
17495 ||| Stepping randomly (stuck).
17496 ||| Stepping randomly (stuck).
17497 ||| Stepping randomly (stuck).
17498 ||| Stepping randomly (stuck).
17499 ||| Stepping randomly (stuck).
17500 ||| Stepping randomly (stuck).
17501 ||| Stepping randomly (stuck).
17502 ||| Stepping randomly (stuck).
17503 ||| Stepping randomly (stuck).
17504 ||| Stepping randomly (stuck).
17505 ||| Stepping randomly (stuck).
17506 ||| Stepping randomly (stuck).
17507 ||| Stepping randomly (stuck).
17508 ||| Stepping randomly (stuck).
17509 ||| Stepping randomly (stuck).
17510 ||| Stepping randomly (stuck).
17511 ||| Stepping randomly (stuck).
17512 ||| Stepping randomly (stuck).
17513 ||| Stepping randomly (stuck).
17514 ||| Stepping randomly (stuck).
17515 ||| Stepping randomly (stuck).
17516 ||| Stepping randomly (stuck).
17517 ||| Stepping randomly (stuck).
17518 ||| Stepping randomly (stuck).
17519 ||| Stepping randomly (stuck).
17520 ||| Stepping randomly (stuck).
17521 ||| Stepping randomly (stuck).
17522 ||| Stepping randomly (stuck).
17523 ||| Stepping randomly (stuck).
17524 ||| Stepping randomly (stuck).
17525 ||| Stepping randomly (stuck).
17526 ||| Stepping randomly (stuck).
17527 ||| Stepping randomly (stuck).
17528 ||| Stepping randomly (stuck).
Are you sure you want to abandon this character and quit the game? (Confirm with "yes".)

.....#.#...#..#...#...#....#
.....#.#...'..#...#...'....#
######.#...#..#...#...#....#
.....).#####..#...#...#....#
..............#...#####....#
####<.........#............#
...#..........#............#
...##'####....#............#
.........#....#.@..........#
.........#....#..........###
.........######..........#
.)......................##
))......................#
.)..............#######.#
...########.....#.....#.#
...# #..:..#.....#.# ...#
#....##.....#.#


There were no monsters in sight!

Vanquished Creatures
  An azure jelly (Lair:5)
  3 dire elephants (Lair:5)
  A two-headed ogre (D:11)
  A death yak (Lair:5)
  A spectral anaconda (Lair:5)
  A skyshark (Lair:4)
  A spectral death yak (Lair:5)
  A lindwurm (Lair:5)
  2 obsidian statues
  3 necromancers (Lair:5)
  2 manticores (D:11)
  12 elephants
  2 merfolk sirens (Lair:3)
  4 black mambas
  2 torpor snails
  Maggie (D:6)
  7 cane toads
  3 rime drakes
  6 komodo dragons
  A kobold demonologist (D:11)
  2 merfolk (Lair:3)
  A troll (D:8)
  2 polar bears
  Prince Ribbit (D:5)
  10 blink frogs
  4 dream sheep (Lair:4)
  3 spectral elephants (Lair:5)
  Sigmund (D:5)
  4 slime creatures (Lair:5)
  A jumping spider (Lair:3)
  2 wyverns (Lair:1)
  A shadow (D:10)
  A vampire (D:9)
  A wraith (D:9)
  32 yaks
  2 steam dragons
  4 basilisks
  3 death yak simulacra (Lair:5)
  A spectral cane toad (Lair:5)
  14 water moccasins
  2 acid dragons
  3 black bears
  An orc warrior (D:10)
  2 elephant zombies (Lair:5)
  An ogre (D:5)
  13 wolves
  2 phantoms
  A centaur (D:9)
  A kobold brigand (D:9)
  2 gnoll sergeants
  18 bullfrogs
  2 cane toad simulacra (Lair:5)
  5 scorpions
  7 wights
  An elephant simulacrum (Lair:5)
  8 killer bees
  7 howler monkeys
  4 hounds
  6 orc priests
  A gnoll bouda (D:4)
  4 jellies
  3 sleepcaps
  7 orc wizards
  4 iguanas
  11 gnolls
  9 adders
  3 river rats (Sewer)
  A shadow imp (D:4)
  3 white imps
  An ufetubus (D:5)
  3 worms
  6 dart slugs
  35 orcs
  10 ball pythons
  5 bats
  8 endoplasms
  4 giant cockroaches
  5 goblins
  13 hobgoblins
  10 kobolds
  9 quokkas
  10 frilled lizards
  14 rats
410 creatures vanquished.

Notes
Turn   | Place    | Note
-------+----------+-------------------------------------------
     0 | D:1      | qw the Gargoyle Fighter began the quest for the Orb.
     0 | D:1      | Reached XP level 1. HP: 14/14 MP: 1/1
     0 | D:1      | 0 ||| qw: Version: 0.2-a-102-gdf20003
     0 | D:1      | 0 ||| qw: Game counter: 738
     0 | D:1      | 0 ||| qw: Always use a shield: true
     0 | D:1      | 0 ||| qw: God list: Okawaru
     0 | D:1      | 0 ||| qw: Allow faded altars: false
     0 | D:1      | 0 ||| qw: Do Orc after D:15 true
     0 | D:1      | 0 ||| qw: Do second Lair branch before Depths: true
     0 | D:1      | 0 ||| qw: Lair rune preference: random
     0 | D:1      | 0 ||| qw: Plans: Normal, Zot:1-4, Slime:5, God:TSO, Crypt,
                  | Tomb, Pan, Hells, Abyss, Win
     0 | D:1      | 0 ||| PLANNING D:1-11
    97 | D:1      | Reached skill level 2 in Axes
   128 | D:1      | 128 ||| Stepping ~*~*~tactically~*~*~ (stealth).
   135 | D:1      | Reached XP level 2. HP: 19/19 MP: 2/2
   182 | D:1      | 182 ||| FLEEEEING.
   183 | D:1      | 183 ||| FLEEEEING.
   198 | D:1      | 198 ||| FLEEEEING.
   199 | D:1      | 199 ||| FLEEEEING.
   200 | D:1      | 200 ||| FLEEEEING.
   279 | D:1      | Reached skill level 3 in Axes
   330 | D:1      | Reached XP level 3. HP: 23/23 MP: 3/3
   350 | D:1      | 350 ||| Stepping ~*~*~tactically~*~*~ (hiding).
   353 | D:1      | 353 ||| Stepping ~*~*~tactically~*~*~ (hiding).
   471 | D:1      | 471 ||| Stepping ~*~*~tactically~*~*~ (hiding).
   585 | D:1      | 585 ||| DROPPING +0 whip.
   754 | D:1      | 754 ||| UPGRADING to +2 helmet.
   759 | D:1      | 759 ||| UPGRADING to +0 pair of gloves.
   764 | D:1      | 764 ||| UPGRADING to amulet of guardian spirit.
   769 | D:1      | 769 ||| READING scroll labelled KISIAF QEHYCH.
   770 | D:1      | 770 ||| READING scroll labelled RAMMICSOUFI.
   771 | D:1      | 771 ||| READING scroll labelled ROAZXA VOACSA.
   881 | D:2      | 881 ||| Stepping ~*~*~tactically~*~*~ (stealth).
   882 | D:2      | 882 ||| Stepping ~*~*~tactically~*~*~ (stealth).
   893 | D:2      | Reached XP level 4. HP: 28/28 MP: 4/4
   931 | D:2      | 931 ||| Stepping ~*~*~tactically~*~*~ (stealth).
  1077 | D:2      | Found a faded altar of an unknown god.
  1234 | D:2      | Reached skill level 4 in Axes
  1237 | D:2      | 1237 ||| READING scroll labelled OFOPOWN VYXZO.
  1238 | D:2      | 1238 ||| DRINKING 2 lumpy pink potions.
  1239 | D:2      | 1239 ||| DRINKING 2 cyan potions.
  1240 | D:2      | 1240 ||| DRINKING 2 amethyst potions.
  1241 | D:2      | 1241 ||| DROPPING potion of invisibility.
  1242 | D:2      | 1242 ||| DROPPING potion of magic.
  1330 | D:3      | HP: 3/28 [orc priest/divine providence (7)]
  1331 | D:3      | 1331 ||| DRINKING potion of heal wounds.
  1343 | D:3      | HP: 7/28 [orc priest/+0 short sword (2)]
  1345 | D:3      | Reached XP level 5. HP: 8/32 MP: 2/5
  1461 | D:3      | 1461 ||| Stepping ~*~*~tactically~*~*~ (hiding).
  1604 | D:3      | Found an ancient bone altar of Kikubaaqudgha.
  1761 | D:3      | Reached skill level 5 in Axes
  1766 | D:3      | 1766 ||| READING scroll labelled ORUUZIZXAE.
  1802 | D:3      | 1802 ||| Stepping ~*~*~tactically~*~*~ (hiding).
  1863 | D:3      | 1863 ||| READING scroll of enchant weapon.
  1863 | D:3      | 1863 ||| ENCHANTING +1 war axe.
  1878 | D:3      | 1878 ||| READING scroll of enchant weapon.
  1878 | D:3      | 1878 ||| ENCHANTING +2 war axe.
  2068 | D:3      | 2068 ||| DROPPING +0 leather armour of fire resistance.
  2069 | D:3      | 2069 ||| UPGRADING to +0 chain mail.
  2079 | D:3      | 2079 ||| DROPPING +0 scale mail.
  2130 | D:4      | 2130 ||| Stepping ~*~*~tactically~*~*~ (hiding).
  2146 | D:4      | 2146 ||| Stepping ~*~*~tactically~*~*~ (hiding).
  2147 | D:4      | 2147 ||| Stepping ~*~*~tactically~*~*~ (hiding).
  2171 | D:4      | Reached XP level 6. HP: 11/38 MP: 2/6
  2171 | D:4      | HP: 9/38 [gnoll/+0 spear[a gnoll bouda] (2)]
  2196 | D:4      | 2196 ||| FLEEEEING.
  2200 | D:4      | 2200 ||| STAIRDANCE
  2320 | D:4      | 2320 ||| DROPPING +2 whip of flaming.
  2486 | D:4      | Reached skill level 6 in Axes
  2723 | D:4      | 2723 ||| READING scroll labelled ZULAFEIFEUNN.
  2724 | D:4      | 2724 ||| READING scroll labelled TUTILO KANAG.
  2725 | D:4      | 2725 ||| DRINKING 2 emerald potions.
  2726 | D:4      | 2726 ||| READING 2 scrolls of identify.
  2726 | D:4      | 2726 ||| IDENTIFYING glowing emerald potion
  2748 | D:5      | Entered Level 5 of the Dungeon
  2750 | D:5      | 2750 ||| STAIRDANCE
  2807 | D:5      | Reached skill level 1 in Dodging
  2908 | D:5      | Reached XP level 7. HP: 43/43 MP: 7/7
  2921 | D:5      | 2921 ||| FLEEEEING.
  2922 | D:5      | 2922 ||| FLEEEEING.
  2923 | D:5      | 2923 ||| FLEEEEING.
  2924 | D:5      | 2924 ||| FLEEEEING.
  2925 | D:5      | 2925 ||| FLEEEEING.
  2926 | D:5      | 2926 ||| FLEEEEING.
  2931 | D:5      | 2931 ||| FLEEEEING.
  2935 | D:5      | 2935 ||| FLEEEEING.
  3003 | D:5      | 3003 ||| Stepping ~*~*~tactically~*~*~ (stealth).
  3075 | D:5      | Found a staircase to the Ecumenical Temple.
  3076 | D:5      | 3076 ||| PLANNING TEMPLE
  3076 | D:5      | 3076 ||| READING 3 scrolls of identify.
  3076 | D:5      | 3076 ||| IDENTIFYING fuming white potion
  3077 | D:5      | 3077 ||| READING 2 scrolls of identify.
  3077 | D:5      | 3077 ||| IDENTIFYING grey potion
  3078 | D:5      | 3078 ||| DROPPING potion of brilliance.
  3087 | Temple   | Entered the Ecumenical Temple
  3087 | Temple   | Found a transporter.
  3087 | Temple   | Found a transporter.
  3089 | Temple   | Found a transporter.
  3089 | Temple   | Found a transporter.
  3099 | Temple   | 3099 ||| PLANNING D:1-11
  3114 | Temple   | 3114 ||| PLANNING OKAWARU WORSHIP
  3117 | Temple   | Became a worshipper of Warmaster Okawaru
  3117 | Temple   | 3117 ||| PLANNING D:1-11
  3118 | Temple   | 3118 ||| REMOVING amulet of guardian spirit.
  3123 | Temple   | 3123 ||| DROPPING amulet of guardian spirit.
  3281 | D:5      | Reached skill level 7 in Axes
  3409 | D:5      | HP: 9/43 [black bear (5)]
  3620 | D:5      | Reached XP level 8. HP: 49/49 MP: 8/8
  3646 | D:5      | Noticed Sigmund
  3647 | D:5      | 3647 ||| Stepping ~*~*~tactically~*~*~ (hiding).
  3661 | D:5      | Killed Sigmund
  3661 | D:5      | Reached * piety under Okawaru
  3662 | D:5      | Reached skill level 8 in Axes
  3697 | D:5      | Noticed Prince Ribbit
  3698 | D:5      | 3698 ||| INVOKING Heroism.
  3716 | D:5      | Killed Prince Ribbit
  4156 | D:6      | 4156 ||| PLANNING SEWER
  4216 | D:6      | Reached skill level 1 in Invocations
  4414 | D:6      | 4414 ||| INVOKING Heroism.
  4445 | D:6      | 4445 ||| INVOKING Heroism.
  4449 | D:6      | Reached skill level 6 in Fighting
  4507 | D:6      | 4507 ||| DROPPING +0 flail.
  4522 | D:6      | 4522 ||| Stepping ~*~*~tactically~*~*~ (stealth).
  4524 | D:6      | 4524 ||| Stepping ~*~*~tactically~*~*~ (stealth).
  4536 | D:6      | Reached XP level 9. HP: 43/55 MP: 10/10
  4649 | D:6      | Reached skill level 3 in Invocations
  4650 | D:6      | Noticed Maggie
  4651 | D:6      | 4651 ||| Stepping ~*~*~tactically~*~*~ (stealth).
  4663 | D:6      | 4663 ||| INVOKING Heroism.
  4669 | D:6      | Killed Maggie
  4843 | D:6      | Found a glowing drain.
  4850 | D:6      | 4850 ||| UPGRADING to +0 kite shield.
  4860 | D:6      | 4860 ||| DROPPING +0 buckler.
  4861 | D:6      | 4861 ||| UPGRADING to +0 plate armour.
  4871 | D:6      | 4871 ||| DROPPING +0 chain mail.
  4872 | D:6      | 4872 ||| READING scroll labelled VOMOGAOX DIGH.
  4883 | Sewer    | Entered a sewer
  4916 | Sewer    | 4916 ||| Stepping ~*~*~tactically~*~*~ (water).
  5190 | Sewer    | 5190 ||| Stepping ~*~*~tactically~*~*~ (water).
  5217 | Sewer    | 5217 ||| READING scroll labelled HIOPPA MOAH.
  5217 | Sewer    | Identified a scroll of acquirement
  5217 | Sewer    | 5217 ||| ACQUIRING +8 orange crystal plate armour
                  | {Archmagi, Int+3 Clar}
  5217 | Sewer    | Acquired the +8 orange crystal plate armour {Archmagi,
                  | Int+3 Clar}
  5217 | Sewer    | Found the +8 orange crystal plate armour {Archmagi, Int+3
                  | Clar}
  5219 | Sewer    | 5219 ||| UPGRADING to +8 orange crystal plate armour
                  | {Archmagi, Int+3 Clar}.
  5229 | Sewer    | 5229 ||| DROPPING +0 plate armour.
  5230 | Sewer    | 5230 ||| DRINKING 2 white potions.
  5230 | Sewer    | Gained mutation: Your mind is acute. (Int +4, Str/Dex -1)
                  | [potion of mutation]
  5230 | Sewer    | Gained mutation: You have large cloven feet. [potion of
                  | mutation]
  5231 | Sewer    | 5231 ||| READING 2 scrolls of identify.
  5231 | Sewer    | 5231 ||| IDENTIFYING lumpy ruby potion
  5268 | D:6      | 5268 ||| PLANNING D:1-11
  5506 | D:7      | 5506 ||| INVOKING Heroism.
  5541 | D:7      | Found a flagged portal.
  5567 | D:7      | Found a runed translucent door.
  5618 | D:7      | 5618 ||| Stepping ~*~*~tactically~*~*~ (hiding).
  5628 | D:7      | 5628 ||| Stepping ~*~*~tactically~*~*~ (stealth).
  5814 | D:7      | 5814 ||| INVOKING Heroism.
  5815 | D:7      | 5815 ||| Stepping ~*~*~tactically~*~*~ (cloud).
  5817 | D:7      | 5817 ||| Stepping ~*~*~tactically~*~*~ (cloud).
  5824 | D:7      | 5824 ||| Stepping ~*~*~tactically~*~*~ (cloud).
  5829 | D:7      | Reached skill level 6 in Shields
  5993 | D:7      | Found a burning altar of Makhleb.
  5998 | D:7      | Found a basalt altar of Yredelemnul.
  6000 | D:7      | 6000 ||| Stepping ~*~*~tactically~*~*~ (stealth).
  6008 | D:7      | Found a snail-covered altar of Cheibriados.
  6013 | D:7      | Found a stormy altar of Qazlal.
  6015 | D:7      | Found an ornate altar of the Wu Jian Council.
  6016 | D:7      | Found a shimmering altar of Xom.
  6031 | D:7      | Found a bloodstained altar of Trog.
  6036 | D:7      | Found a radiant altar of Vehumet.
  6084 | D:7      | 6084 ||| INVOKING Heroism.
  6091 | D:7      | HP: 12/55 [orc priest/divine providence (12)]
  6092 | D:7      | 6092 ||| DRINKING 2 potions of heal wounds.
  6103 | D:7      | Reached skill level 6 in Armour
  6439 | D:7      | Noticed qw's ghost (novice GrFi)
  6441 | D:7      | 6441 ||| DRINKING 3 silvery potions.
  6462 | D:8      | Reached ** piety under Okawaru
  6544 | D:8      | Noticed a troll
  6545 | D:8      | 6545 ||| INVOKING Heroism.
  6552 | D:8      | Killed a troll
  6553 | D:8      | Reached XP level 10. HP: 60/60 MP: 11/13
  6639 | D:8      | 6639 ||| Stepping ~*~*~tactically~*~*~ (stealth).
  6656 | D:8      | 6656 ||| INVOKING Heroism.
  6773 | D:8      | 6773 ||| Stepping ~*~*~tactically~*~*~ (hiding).
  6774 | D:8      | 6774 ||| Stepping ~*~*~tactically~*~*~ (hiding).
  6902 | D:8      | Found a staircase to the Lair.
  6922 | D:8      | 6922 ||| INVOKING Heroism.
  7116 | D:8      | Found Neucun's General Store.
  7123 | D:8      | 7123 ||| BUYING 2 potions of cancellation (240 gold).
  7123 | D:8      | Bought 2 potions of cancellation for 240 gold pieces
  7123 | D:8      | 7123 ||| BUYING 2 potions of might (120 gold).
  7123 | D:8      | Bought 2 potions of might for 120 gold pieces
  7123 | D:8      | 7123 ||| BUYING potion of curing (45 gold).
  7123 | D:8      | Bought a potion of curing for 45 gold pieces
  7123 | D:8      | 7123 ||| BUYING potion of might (60 gold).
  7123 | D:8      | Bought a potion of might for 60 gold pieces
  7123 | D:8      | 7123 ||| BUYING scroll of teleportation (45 gold).
  7123 | D:8      | Bought a scroll of teleportation for 45 gold pieces
  7144 | D:8      | 7144 ||| Stepping ~*~*~tactically~*~*~ (hiding).
  7148 | D:8      | 7148 ||| INVOKING Heroism.
  7641 | D:8      | 7641 ||| PLANNING LAIR
  7641 | D:8      | 7641 ||| READING scroll labelled ZOBUYG NIHYOM.
  7742 | D:8      | 7742 ||| DRINKING 2 pink potions.
  7743 | D:8      | 7743 ||| DROPPING potion of flight.
  7812 | Lair:1   | Entered Level 1 of the Lair of Beasts
  7815 | Lair:1   | 7815 ||| READING scroll of enchant weapon.
  7815 | Lair:1   | 7815 ||| ENCHANTING +3 war axe.
  7819 | Lair:1   | Noticed a black mamba
  7820 | Lair:1   | 7820 ||| INVOKING Heroism.
  7835 | Lair:1   | Killed a black mamba
  7852 | Lair:1   | 7852 ||| Stepping ~*~*~tactically~*~*~ (stealth).
  7860 | Lair:1   | Reached skill level 9 in Axes
  7928 | Lair:1   | 7928 ||| Stepping ~*~*~tactically~*~*~ (stealth).
  7929 | Lair:1   | 7929 ||| INVOKING Heroism.
  7945 | Lair:1   | Reached *** piety under Okawaru
  7954 | Lair:1   | Reached skill level 9 in Shields
  7991 | Lair:1   | Noticed a black mamba
  7992 | Lair:1   | 7992 ||| INVOKING Heroism.
  8002 | Lair:1   | Killed a black mamba
  8003 | Lair:1   | Reached XP level 11. HP: 36/67 MP: 12/14
  8189 | Lair:1   | Reached **** piety under Okawaru
  8190 | Lair:1   | Reached skill level 10 in Axes
  8195 | Lair:1   | 8195 ||| Stepping ~*~*~tactically~*~*~ (stealth).
  8204 | Lair:1   | 8204 ||| Stepping ~*~*~tactically~*~*~ (stealth).
  8205 | Lair:1   | 8205 ||| Stepping ~*~*~tactically~*~*~ (stealth).
  8206 | Lair:1   | 8206 ||| Stepping ~*~*~tactically~*~*~ (stealth).
  8207 | Lair:1   | 8207 ||| Stepping ~*~*~tactically~*~*~ (stealth).
  8287 | Lair:1   | 8287 ||| Stepping ~*~*~tactically~*~*~ (hiding).
  8288 | Lair:1   | 8288 ||| Stepping ~*~*~tactically~*~*~ (hiding).
  8376 | Lair:1   | 8376 ||| INVOKING Heroism.
  8450 | Lair:1   | 8450 ||| INVOKING Heroism.
  8855 | Lair:1   | 8855 ||| UPGRADING to amulet of reflection.
  8909 | Lair:2   | 8909 ||| Stepping ~*~*~tactically~*~*~ (stealth).
  8924 | Lair:2   | Reached skill level 9 in Armour
  8924 | Lair:2   | 8924 ||| INVOKING Heroism.
  8951 | Lair:2   | 8951 ||| Stepping ~*~*~tactically~*~*~ (stealth).
  8953 | Lair:2   | 8953 ||| Stepping ~*~*~tactically~*~*~ (stealth).
  9110 | Lair:2   | 9110 ||| INVOKING Heroism.
  9120 | Lair:2   | Reached skill level 6 in Invocations
  9193 | Lair:2   | 9193 ||| INVOKING Heroism.
  9223 | Lair:2   | 9223 ||| Stepping ~*~*~tactically~*~*~ (stealth).
  9251 | Lair:2   | Identified the ring "Valocekh" {EV+5 Str+2}
  9254 | Lair:2   | 9254 ||| INVOKING Heroism.
  9377 | Lair:2   | 9377 ||| Stepping ~*~*~tactically~*~*~ (stealth).
  9595 | Lair:2   | 9595 ||| INVOKING Heroism.
  9735 | Lair:2   | 9735 ||| UPGRADING to ring "Valocekh" {EV+5 Str+2}.
  9736 | Lair:2   | 9736 ||| READING 4 scrolls of identify.
  9736 | Lair:2   | 9736 ||| IDENTIFYING sedimented puce potion
  9737 | Lair:2   | 9737 ||| READING 3 scrolls of identify.
  9737 | Lair:2   | 9737 ||| IDENTIFYING coppery potion
  9738 | Lair:2   | 9738 ||| DROPPING potion of ambrosia.
 10083 | Lair:3   | Found a hole to the Spider Nest.
 10087 | Lair:3   | 10087 ||| Stepping ~*~*~tactically~*~*~ (stealth).
 10234 | Lair:3   | Found a staircase to the Shoals.
 10235 | Lair:3   | 10235 ||| Stepping ~*~*~tactically~*~*~ (hiding).
 10254 | Lair:3   | 10254 ||| INVOKING Heroism.
 10257 | Lair:3   | Reached XP level 12. HP: 48/73 MP: 14/17
 10262 | Lair:3   | Reached skill level 11 in Axes
 10266 | Lair:3   | Reached ***** piety under Okawaru
 10464 | Lair:3   | 10464 ||| Stepping ~*~*~tactically~*~*~ (stealth).
 10467 | Lair:3   | 10467 ||| INVOKING Heroism.
 10492 | Lair:3   | You fall into a shaft and drop 2 floors!
 10492 | Lair:5   | Entered Level 5 of the Lair of Beasts
 10505 | Lair:5   | Identified the +9 plate armour of Omission {Harm Int+4}
                  | (Okawaru gifted it to you on level 5 of the Lair of Beasts)
 10505 | Lair:5   | Received a gift from Okawaru
 10545 | Lair:5   | Noticed an azure jelly
 10546 | Lair:5   | 10546 ||| INVOKING Heroism.
 10547 | Lair:5   | 10547 ||| INVOKING Finesse.
 10567 | Lair:5   | Killed an azure jelly
 10613 | Lair:5   | Reached skill level 9 in Invocations
 10644 | Lair:5   | 10644 ||| Stepping ~*~*~tactically~*~*~ (stealth).
 10710 | Lair:5   | 10710 ||| Stepping ~*~*~tactically~*~*~ (stealth).
 10711 | Lair:5   | 10711 ||| Stepping ~*~*~tactically~*~*~ (stealth).
 10725 | Lair:5   | 10725 ||| INVOKING Heroism.
 10858 | Lair:5   | 10858 ||| READING scroll of enchant weapon.
 10858 | Lair:5   | 10858 ||| ENCHANTING +4 war axe.
 10862 | Lair:5   | 10862 ||| READING scroll labelled TIAGIRGH JINU.
 10863 | Lair:5   | 10863 ||| READING scroll labelled VEVEAP OPIS.
 10868 | Lair:5   | 10868 ||| INVOKING Heroism.
 10872 | Lair:5   | Noticed a death yak
 10877 | Lair:5   | Killed a death yak
 10878 | Lair:5   | 10878 ||| Stepping ~*~*~tactically~*~*~ (water).
 10914 | Lair:4   | Noticed a skyshark
 10923 | Lair:4   | Killed a skyshark
 11068 | Lair:4   | 11068 ||| INVOKING Heroism.
 11198 | Lair:4   | 11198 ||| INVOKING Heroism.
 11245 | Lair:4   | 11245 ||| Stepping ~*~*~tactically~*~*~ (stealth).
 11246 | Lair:4   | 11246 ||| Stepping ~*~*~tactically~*~*~ (stealth).
 11250 | Lair:4   | Reached skill level 9 in Fighting
 11349 | Lair:4   | 11349 ||| INVOKING Heroism.
 11358 | Lair:4   | Reached skill level 3 in Throwing
 11435 | Lair:4   | 11435 ||| INVOKING Heroism.
 11536 | Lair:4   | Found a runed translucent door.
 11536 | Lair:4   | Found a viscous altar of Jiyva.
 11536 | Lair:4   | Noticed an acid blob
 11537 | Lair:4   | Found a staircase to the Slime Pits.
 11537 | Lair:4   | Noticed an acid blob
 11637 | Lair:4   | 11637 ||| INVOKING Heroism.
 11643 | Lair:4   | Reached XP level 13. HP: 80/80 MP: 18/20
 11651 | Lair:4   | Reached skill level 12 in Axes
 11816 | Lair:4   | 11816 ||| UPGRADING to +0 cloak.
 11821 | Lair:4   | 11821 ||| DROPPING ring of magical power.
 11822 | Lair:4   | 11822 ||| READING 8 scrolls of identify.
 11822 | Lair:4   | 11822 ||| IDENTIFYING viscous yellow potion
 11823 | Lair:4   | 11823 ||| DROPPING potion of degeneration.
 11848 | Lair:5   | 11848 ||| INVOKING Heroism.
 11865 | Lair:5   | 11865 ||| Stepping ~*~*~tactically~*~*~ (stealth).
 11920 | Lair:5   | 11920 ||| Stepping ~*~*~tactically~*~*~ (stealth).
 12010 | Lair:5   | 12010 ||| Stepping ~*~*~tactically~*~*~ (hiding).
 12011 | Lair:5   | 12011 ||| Stepping ~*~*~tactically~*~*~ (hiding).
 12047 | Lair:5   | 12047 ||| INVOKING Heroism.
 12048 | Lair:5   | 12048 ||| Stepping ~*~*~tactically~*~*~ (hiding).
 12070 | Lair:5   | Identified the +5 plate armour "Jaax" {Harm Will+}
 12334 | Lair:5   | 12334 ||| Stepping ~*~*~tactically~*~*~ (stealth).
 12335 | Lair:5   | 12335 ||| INVOKING Heroism.
 12434 | Lair:5   | Noticed a dire elephant
 12435 | Lair:5   | Noticed a dire elephant
 12435 | Lair:5   | Noticed a dire elephant
 12505 | Lair:5   | 12505 ||| INVOKING Heroism.
 12609 | Lair:5   | Received a gift from Okawaru
 12627 | Lair:5   | 12627 ||| Stepping ~*~*~tactically~*~*~ (stealth).
 12629 | Lair:5   | 12629 ||| Stepping ~*~*~tactically~*~*~ (stealth).
 12631 | Lair:5   | 12631 ||| Stepping ~*~*~tactically~*~*~ (stealth).
 12633 | Lair:5   | 12633 ||| Stepping ~*~*~tactically~*~*~ (stealth).
 12698 | Lair:5   | 12698 ||| Stepping ~*~*~tactically~*~*~ (stealth).
 12699 | Lair:5   | 12699 ||| Stepping ~*~*~tactically~*~*~ (stealth).
 12813 | Lair:5   | 12813 ||| Stepping ~*~*~tactically~*~*~ (stealth).
 12814 | Lair:5   | 12814 ||| Stepping ~*~*~tactically~*~*~ (stealth).
 12941 | Lair:5   | 12941 ||| INVOKING Heroism.
 12951 | Lair:5   | 12951 ||| Stepping ~*~*~tactically~*~*~ (water).
 12960 | Lair:5   | Killed a dire elephant
 12967 | Lair:5   | Killed a dire elephant
 12968 | Lair:5   | Reached skill level 13 in Axes
 12971 | Lair:5   | HP: 13/82 [dire elephant (16)]
 12972 | Lair:5   | 12972 ||| READING 3 scrolls of teleportation.
 12973 | Lair:5   | 12973 ||| DRINKING 3 potions of heal wounds.
 12977 | Lair:5   | Killed a dire elephant
 13280 | Lair:5   | Received a gift from Okawaru
 13280 | Lair:5   | Found the +16 obsidian axe {drain, demonic, Mesm Drain Fly
                  | SInv}
 13297 | Lair:5   | 13297 ||| SWAPPING to +16 obsidian axe {drain, demonic,
                  | Mesm Drain Fly SInv}.
 13298 | Lair:5   | 13298 ||| DROPPING +5 war axe.
 13314 | Lair:5   | 13314 ||| INVOKING Heroism.
 13315 | Lair:5   | 13315 ||| INVOKING Finesse.
 13465 | Lair:5   | 13465 ||| Stepping ~*~*~tactically~*~*~ (stealth).
 13470 | Lair:5   | 13470 ||| Stepping ~*~*~tactically~*~*~ (hiding).
 13591 | Lair:5   | 13591 ||| PLANNING D:1-11
 13928 | D:9      | 13928 ||| Stepping ~*~*~tactically~*~*~ (stealth).
 14048 | D:9      | Identified the +6 trident of Deformation {drain, Drain
                  | rPois rN+++ Str+4}
 14489 | D:9      | 14489 ||| Stepping ~*~*~tactically~*~*~ (stealth).
 14491 | D:9      | 14491 ||| Stepping ~*~*~tactically~*~*~ (stealth).
 14684 | D:9      | 14684 ||| INVOKING Heroism.
 14685 | D:9      | 14685 ||| INVOKING Finesse.
 14912 | D:10     | Entered Level 10 of the Dungeon
 14938 | D:10     | 14938 ||| Stepping ~*~*~tactically~*~*~ (hiding).
 14939 | D:10     | 14939 ||| Stepping ~*~*~tactically~*~*~ (hiding).
 14944 | D:10     | 14944 ||| Stepping ~*~*~tactically~*~*~ (hiding).
 14945 | D:10     | 14945 ||| Stepping ~*~*~tactically~*~*~ (hiding).
 14954 | D:10     | 14954 ||| Stepping ~*~*~tactically~*~*~ (hiding).
 14957 | D:10     | 14957 ||| Stepping ~*~*~tactically~*~*~ (hiding).
 14958 | D:10     | 14958 ||| Stepping ~*~*~tactically~*~*~ (hiding).
 15230 | D:10     | Identified the ring of the Freezing God {rPois AC+4 Int+5
                  | Stlth-}
 15274 | D:10     | Found Huwoc's Weapon Boutique.
 15287 | D:10     | Found Guod's Armour Boutique.
 15298 | D:10     | Found Usiph's Jewellery Boutique.
 15620 | D:10     | 15620 ||| UPGRADING to +6 ring of strength.
 15621 | D:10     | 15621 ||| DROPPING +6 ring of dexterity.
 15622 | D:10     | 15622 ||| DROPPING ring of wizardry.
 15623 | D:10     | 15623 ||| UPGRADING to ring of the Freezing God {rPois AC+4
                  | Int+5 Stlth-}.
 15625 | D:10     | 15625 ||| DROPPING +6 ring of strength.
 15626 | D:10     | 15626 ||| READING scroll labelled SYPLOETWEE.
 15669 | D:10     | 15669 ||| BUYING +0 pair of boots (49 gold).
 15669 | D:10     | Bought a +0 pair of boots for 49 gold pieces
 15669 | D:10     | 15669 ||| UPGRADING to +0 pair of boots.
 15713 | D:11     | 15713 ||| PLANNING BAZAAR
 15767 | D:11     | Gained mutation: Your large and strong wings let you fly.
                  | [Gargoyle growth]
 15767 | D:11     | Reached XP level 14. HP: 66/88 MP: 21/21
 15863 | D:11     | Found a gate leading to a gauntlet.
 15876 | D:11     | Reached skill level 12 in Armour
 16034 | D:11     | 16034 ||| INVOKING Heroism.
 16330 | D:11     | Found a flickering gateway to a bazaar.
 16331 | D:11     | 16331 ||| UPGRADING to +1 pair of boots of rampaging.
 16341 | D:11     | 16341 ||| DROPPING +0 pair of boots.
 16350 | Bazaar   | Entered a bazaar
 16379 | Bazaar   | Found Fiff's Magic Scroll Emporium.
 16387 | Bazaar   | 16387 ||| BUYING scroll of identify (36 gold).
 16387 | Bazaar   | Bought a scroll of identify for 36 gold pieces
 16449 | Bazaar   | Found Zoor's Antique Weapon Boutique.
 16453 | Bazaar   | 16453 ||| BUYING glowing broad axe (168 gold).
 16453 | Bazaar   | Bought a glowing broad axe for 168 gold pieces
 16453 | Bazaar   | 16453 ||| DROPPING +0 broad axe of freezing.
 16467 | Bazaar   | Found Rofyocec's Antique Weapon Emporium.
 16496 | D:11     | 16496 ||| PLANNING GAUNTLET
 16520 | D:11     | 16520 ||| Stepping randomly (stuck).
 16521 | D:11     | 16521 ||| Stepping randomly (stuck).
 16522 | D:11     | 16522 ||| Stepping randomly (stuck).
 16523 | D:11     | 16523 ||| Stepping randomly (stuck).
 16524 | D:11     | 16524 ||| Stepping randomly (stuck).
 16525 | D:11     | 16525 ||| Stepping randomly (stuck).
 16526 | D:11     | 16526 ||| Stepping randomly (stuck).
 16527 | D:11     | 16527 ||| Stepping randomly (stuck).
 16528 | D:11     | 16528 ||| Stepping randomly (stuck).
 16529 | D:11     | 16529 ||| Stepping randomly (stuck).
 16530 | D:11     | 16530 ||| Stepping randomly (stuck).
 16531 | D:11     | 16531 ||| Stepping randomly (stuck).
 16532 | D:11     | 16532 ||| Stepping randomly (stuck).
 16533 | D:11     | 16533 ||| Stepping randomly (stuck).
 16534 | D:11     | 16534 ||| Stepping randomly (stuck).
 16535 | D:11     | 16535 ||| Stepping randomly (stuck).
 16536 | D:11     | 16536 ||| Stepping randomly (stuck).
 16537 | D:11     | 16537 ||| Stepping randomly (stuck).
 16538 | D:11     | 16538 ||| Stepping randomly (stuck).
 16539 | D:11     | 16539 ||| Stepping randomly (stuck).
 16540 | D:11     | 16540 ||| Stepping randomly (stuck).
 16541 | D:11     | 16541 ||| Stepping randomly (stuck).
 16542 | D:11     | 16542 ||| Stepping randomly (stuck).
 16543 | D:11     | 16543 ||| Stepping randomly (stuck).
 16544 | D:11     | 16544 ||| Stepping randomly (stuck).
 16545 | D:11     | 16545 ||| Stepping randomly (stuck).
 16546 | D:11     | 16546 ||| Stepping randomly (stuck).
 16547 | D:11     | 16547 ||| Stepping randomly (stuck).
 16548 | D:11     | 16548 ||| Stepping randomly (stuck).
 16549 | D:11     | 16549 ||| Stepping randomly (stuck).
 16550 | D:11     | 16550 ||| Stepping randomly (stuck).
 16551 | D:11     | 16551 ||| Stepping randomly (stuck).
 16552 | D:11     | 16552 ||| Stepping randomly (stuck).
 16553 | D:11     | 16553 ||| Stepping randomly (stuck).
 16554 | D:11     | 16554 ||| Stepping randomly (stuck).
 16555 | D:11     | 16555 ||| Stepping randomly (stuck).
 16556 | D:11     | 16556 ||| Stepping randomly (stuck).
 16557 | D:11     | 16557 ||| Stepping randomly (stuck).
 16558 | D:11     | 16558 ||| Stepping randomly (stuck).
 16559 | D:11     | 16559 ||| Stepping randomly (stuck).
 16560 | D:11     | 16560 ||| Stepping randomly (stuck).
 16561 | D:11     | 16561 ||| Stepping randomly (stuck).
 16562 | D:11     | 16562 ||| Stepping randomly (stuck).
 16563 | D:11     | 16563 ||| Stepping randomly (stuck).
 16564 | D:11     | 16564 ||| Stepping randomly (stuck).
 16565 | D:11     | 16565 ||| Stepping randomly (stuck).
 16566 | D:11     | 16566 ||| Stepping randomly (stuck).
 16567 | D:11     | 16567 ||| Stepping randomly (stuck).
 16568 | D:11     | 16568 ||| Stepping randomly (stuck).
 16569 | D:11     | 16569 ||| Stepping randomly (stuck).
 16570 | D:11     | 16570 ||| Stepping randomly (stuck).
 16571 | D:11     | 16571 ||| READING 2 scrolls of teleportation.
 16575 | D:11     | 16575 ||| READING scroll of teleportation.
 16579 | D:11     | 16579 ||| Stepping randomly (stuck).
 16580 | D:11     | 16580 ||| Stepping randomly (stuck).
 16581 | D:11     | 16581 ||| Stepping randomly (stuck).
 16582 | D:11     | 16582 ||| Stepping randomly (stuck).
 16583 | D:11     | 16583 ||| Stepping randomly (stuck).
 16584 | D:11     | 16584 ||| Stepping randomly (stuck).
 16585 | D:11     | 16585 ||| Stepping randomly (stuck).
 16586 | D:11     | 16586 ||| Stepping randomly (stuck).
 16587 | D:11     | 16587 ||| Stepping randomly (stuck).
 16588 | D:11     | 16588 ||| Stepping randomly (stuck).
 16589 | D:11     | 16589 ||| Stepping randomly (stuck).
 16590 | D:11     | 16590 ||| Stepping randomly (stuck).
 16591 | D:11     | 16591 ||| Stepping randomly (stuck).
 16592 | D:11     | 16592 ||| Stepping randomly (stuck).
 16593 | D:11     | 16593 ||| Stepping randomly (stuck).
 16594 | D:11     | 16594 ||| Stepping randomly (stuck).
 16595 | D:11     | 16595 ||| Stepping randomly (stuck).
 16596 | D:11     | 16596 ||| Stepping randomly (stuck).
 16597 | D:11     | 16597 ||| Stepping randomly (stuck).
 16598 | D:11     | 16598 ||| Stepping randomly (stuck).
 16599 | D:11     | 16599 ||| Stepping randomly (stuck).
 16600 | D:11     | 16600 ||| Stepping randomly (stuck).
 16601 | D:11     | 16601 ||| Stepping randomly (stuck).
 16602 | D:11     | 16602 ||| Stepping randomly (stuck).
 16603 | D:11     | 16603 ||| Stepping randomly (stuck).
 16604 | D:11     | 16604 ||| Stepping randomly (stuck).
 16605 | D:11     | 16605 ||| Stepping randomly (stuck).
 16606 | D:11     | 16606 ||| Stepping randomly (stuck).
 16607 | D:11     | 16607 ||| Stepping randomly (stuck).
 16608 | D:11     | 16608 ||| Stepping randomly (stuck).
 16609 | D:11     | 16609 ||| Stepping randomly (stuck).
 16610 | D:11     | 16610 ||| Stepping randomly (stuck).
 16611 | D:11     | 16611 ||| Stepping randomly (stuck).
 16612 | D:11     | 16612 ||| Stepping randomly (stuck).
 16613 | D:11     | 16613 ||| Stepping randomly (stuck).
 16614 | D:11     | 16614 ||| Stepping randomly (stuck).
 16615 | D:11     | 16615 ||| Stepping randomly (stuck).
 16616 | D:11     | 16616 ||| Stepping randomly (stuck).
 16617 | D:11     | 16617 ||| Stepping randomly (stuck).
 16618 | D:11     | 16618 ||| Stepping randomly (stuck).
 16619 | D:11     | 16619 ||| Stepping randomly (stuck).
 16620 | D:11     | 16620 ||| Stepping randomly (stuck).
 16621 | D:11     | 16621 ||| Stepping randomly (stuck).
 16622 | D:11     | 16622 ||| Stepping randomly (stuck).
 16623 | D:11     | 16623 ||| Stepping randomly (stuck).
 16624 | D:11     | 16624 ||| Stepping randomly (stuck).
 16625 | D:11     | 16625 ||| Stepping randomly (stuck).
 16626 | D:11     | 16626 ||| Stepping randomly (stuck).
 16627 | D:11     | 16627 ||| Stepping randomly (stuck).
 16628 | D:11     | 16628 ||| Stepping randomly (stuck).
 16629 | D:11     | 16629 ||| Stepping randomly (stuck).
 16630 | D:11     | 16630 ||| Stepping randomly (stuck).
 16631 | D:11     | 16631 ||| Stepping randomly (stuck).
 16632 | D:11     | 16632 ||| Stepping randomly (stuck).
 16633 | D:11     | 16633 ||| Stepping randomly (stuck).
 16634 | D:11     | 16634 ||| Stepping randomly (stuck).
 16635 | D:11     | 16635 ||| Stepping randomly (stuck).
 16636 | D:11     | 16636 ||| Stepping randomly (stuck).
 16637 | D:11     | 16637 ||| Stepping randomly (stuck).
 16638 | D:11     | 16638 ||| Stepping randomly (stuck).
 16639 | D:11     | 16639 ||| Stepping randomly (stuck).
 16640 | D:11     | 16640 ||| Stepping randomly (stuck).
 16641 | D:11     | 16641 ||| Stepping randomly (stuck).
 16642 | D:11     | 16642 ||| Stepping randomly (stuck).
 16643 | D:11     | 16643 ||| Stepping randomly (stuck).
 16644 | D:11     | 16644 ||| Stepping randomly (stuck).
 16645 | D:11     | 16645 ||| Stepping randomly (stuck).
 16646 | D:11     | 16646 ||| Stepping randomly (stuck).
 16647 | D:11     | 16647 ||| Stepping randomly (stuck).
 16648 | D:11     | 16648 ||| Stepping randomly (stuck).
 16649 | D:11     | 16649 ||| Stepping randomly (stuck).
 16650 | D:11     | 16650 ||| Stepping randomly (stuck).
 16651 | D:11     | 16651 ||| Stepping randomly (stuck).
 16652 | D:11     | 16652 ||| Stepping randomly (stuck).
 16653 | D:11     | 16653 ||| Stepping randomly (stuck).
 16654 | D:11     | 16654 ||| Stepping randomly (stuck).
 16655 | D:11     | 16655 ||| Stepping randomly (stuck).
 16656 | D:11     | 16656 ||| Stepping randomly (stuck).
 16657 | D:11     | 16657 ||| Stepping randomly (stuck).
 16658 | D:11     | 16658 ||| Stepping randomly (stuck).
 16659 | D:11     | 16659 ||| Stepping randomly (stuck).
 16660 | D:11     | 16660 ||| Stepping randomly (stuck).
 16661 | D:11     | 16661 ||| Stepping randomly (stuck).
 16662 | D:11     | 16662 ||| Stepping randomly (stuck).
 16663 | D:11     | 16663 ||| Stepping randomly (stuck).
 16664 | D:11     | 16664 ||| Stepping randomly (stuck).
 16665 | D:11     | 16665 ||| Stepping randomly (stuck).
 16666 | D:11     | 16666 ||| Stepping randomly (stuck).
 16667 | D:11     | 16667 ||| Stepping randomly (stuck).
 16668 | D:11     | 16668 ||| Stepping randomly (stuck).
 16669 | D:11     | 16669 ||| Stepping randomly (stuck).
 16670 | D:11     | 16670 ||| Stepping randomly (stuck).
 16671 | D:11     | 16671 ||| Stepping randomly (stuck).
 16672 | D:11     | 16672 ||| Stepping randomly (stuck).
 16673 | D:11     | 16673 ||| Stepping randomly (stuck).
 16674 | D:11     | 16674 ||| Stepping randomly (stuck).
 16675 | D:11     | 16675 ||| Stepping randomly (stuck).
 16676 | D:11     | 16676 ||| Stepping randomly (stuck).
 16677 | D:11     | 16677 ||| Stepping randomly (stuck).
 16678 | D:11     | 16678 ||| Stepping randomly (stuck).
 16679 | D:11     | 16679 ||| Stepping randomly (stuck).
 16680 | D:11     | 16680 ||| Stepping randomly (stuck).
 16681 | D:11     | 16681 ||| Stepping randomly (stuck).
 16682 | D:11     | 16682 ||| Stepping randomly (stuck).
 16683 | D:11     | 16683 ||| Stepping randomly (stuck).
 16684 | D:11     | 16684 ||| Stepping randomly (stuck).
 16685 | D:11     | 16685 ||| Stepping randomly (stuck).
 16686 | D:11     | 16686 ||| Stepping randomly (stuck).
 16687 | D:11     | 16687 ||| Stepping randomly (stuck).
 16688 | D:11     | 16688 ||| Stepping randomly (stuck).
 16689 | D:11     | 16689 ||| Stepping randomly (stuck).
 16690 | D:11     | 16690 ||| Stepping randomly (stuck).
 16691 | D:11     | 16691 ||| Stepping randomly (stuck).
 16692 | D:11     | 16692 ||| Stepping randomly (stuck).
 16693 | D:11     | 16693 ||| Stepping randomly (stuck).
 16694 | D:11     | 16694 ||| Stepping randomly (stuck).
 16695 | D:11     | 16695 ||| Stepping randomly (stuck).
 16696 | D:11     | 16696 ||| Stepping randomly (stuck).
 16697 | D:11     | 16697 ||| Stepping randomly (stuck).
 16698 | D:11     | 16698 ||| Stepping randomly (stuck).
 16699 | D:11     | 16699 ||| Stepping randomly (stuck).
 16700 | D:11     | 16700 ||| Stepping randomly (stuck).
 16701 | D:11     | 16701 ||| Stepping randomly (stuck).
 16702 | D:11     | 16702 ||| Stepping randomly (stuck).
 16703 | D:11     | 16703 ||| Stepping randomly (stuck).
 16704 | D:11     | 16704 ||| Stepping randomly (stuck).
 16705 | D:11     | 16705 ||| Stepping randomly (stuck).
 16706 | D:11     | 16706 ||| Stepping randomly (stuck).
 16707 | D:11     | 16707 ||| Stepping randomly (stuck).
 16708 | D:11     | 16708 ||| Stepping randomly (stuck).
 16709 | D:11     | 16709 ||| Stepping randomly (stuck).
 16710 | D:11     | 16710 ||| Stepping randomly (stuck).
 16711 | D:11     | 16711 ||| Stepping randomly (stuck).
 16712 | D:11     | 16712 ||| Stepping randomly (stuck).
 16713 | D:11     | 16713 ||| Stepping randomly (stuck).
 16714 | D:11     | 16714 ||| Stepping randomly (stuck).
 16715 | D:11     | 16715 ||| Stepping randomly (stuck).
 16716 | D:11     | 16716 ||| Stepping randomly (stuck).
 16717 | D:11     | 16717 ||| Stepping randomly (stuck).
 16718 | D:11     | 16718 ||| Stepping randomly (stuck).
 16719 | D:11     | 16719 ||| Stepping randomly (stuck).
 16720 | D:11     | 16720 ||| Stepping randomly (stuck).
 16721 | D:11     | 16721 ||| Stepping randomly (stuck).
 16722 | D:11     | 16722 ||| Stepping randomly (stuck).
 16723 | D:11     | 16723 ||| Stepping randomly (stuck).
 16724 | D:11     | 16724 ||| Stepping randomly (stuck).
 16725 | D:11     | 16725 ||| Stepping randomly (stuck).
 16726 | D:11     | 16726 ||| Stepping randomly (stuck).
 16727 | D:11     | 16727 ||| Stepping randomly (stuck).
 16728 | D:11     | 16728 ||| Stepping randomly (stuck).
 16729 | D:11     | 16729 ||| Stepping randomly (stuck).
 16730 | D:11     | 16730 ||| Stepping randomly (stuck).
 16731 | D:11     | 16731 ||| Stepping randomly (stuck).
 16732 | D:11     | 16732 ||| Stepping randomly (stuck).
 16733 | D:11     | 16733 ||| Stepping randomly (stuck).
 16734 | D:11     | 16734 ||| Stepping randomly (stuck).
 16735 | D:11     | 16735 ||| Stepping randomly (stuck).
 16736 | D:11     | 16736 ||| Stepping randomly (stuck).
 16737 | D:11     | 16737 ||| Stepping randomly (stuck).
 16738 | D:11     | 16738 ||| Stepping randomly (stuck).
 16739 | D:11     | 16739 ||| Stepping randomly (stuck).
 16740 | D:11     | 16740 ||| Stepping randomly (stuck).
 16741 | D:11     | 16741 ||| Stepping randomly (stuck).
 16742 | D:11     | 16742 ||| Stepping randomly (stuck).
 16743 | D:11     | 16743 ||| Stepping randomly (stuck).
 16744 | D:11     | 16744 ||| Stepping randomly (stuck).
 16745 | D:11     | 16745 ||| Stepping randomly (stuck).
 16746 | D:11     | 16746 ||| Stepping randomly (stuck).
 16747 | D:11     | 16747 ||| Stepping randomly (stuck).
 16748 | D:11     | 16748 ||| Stepping randomly (stuck).
 16749 | D:11     | 16749 ||| Stepping randomly (stuck).
 16750 | D:11     | 16750 ||| Stepping randomly (stuck).
 16751 | D:11     | 16751 ||| Stepping randomly (stuck).
 16752 | D:11     | 16752 ||| Stepping randomly (stuck).
 16753 | D:11     | 16753 ||| Stepping randomly (stuck).
 16754 | D:11     | 16754 ||| Stepping randomly (stuck).
 16755 | D:11     | 16755 ||| Stepping randomly (stuck).
 16756 | D:11     | 16756 ||| Stepping randomly (stuck).
 16757 | D:11     | 16757 ||| Stepping randomly (stuck).
 16758 | D:11     | 16758 ||| Stepping randomly (stuck).
 16759 | D:11     | 16759 ||| Stepping randomly (stuck).
 16760 | D:11     | 16760 ||| Stepping randomly (stuck).
 16761 | D:11     | 16761 ||| Stepping randomly (stuck).
 16762 | D:11     | 16762 ||| Stepping randomly (stuck).
 16763 | D:11     | 16763 ||| Stepping randomly (stuck).
 16764 | D:11     | 16764 ||| Stepping randomly (stuck).
 16765 | D:11     | 16765 ||| Stepping randomly (stuck).
 16766 | D:11     | 16766 ||| Stepping randomly (stuck).
 16767 | D:11     | 16767 ||| Stepping randomly (stuck).
 16768 | D:11     | 16768 ||| Stepping randomly (stuck).
 16769 | D:11     | 16769 ||| Stepping randomly (stuck).
 16770 | D:11     | 16770 ||| Stepping randomly (stuck).
 16771 | D:11     | 16771 ||| Stepping randomly (stuck).
 16772 | D:11     | 16772 ||| Stepping randomly (stuck).
 16773 | D:11     | 16773 ||| Stepping randomly (stuck).
 16774 | D:11     | 16774 ||| Stepping randomly (stuck).
 16775 | D:11     | 16775 ||| Stepping randomly (stuck).
 16776 | D:11     | 16776 ||| Stepping randomly (stuck).
 16777 | D:11     | 16777 ||| Stepping randomly (stuck).
 16778 | D:11     | 16778 ||| Stepping randomly (stuck).
 16779 | D:11     | 16779 ||| Stepping randomly (stuck).
 16780 | D:11     | 16780 ||| Stepping randomly (stuck).
 16781 | D:11     | 16781 ||| Stepping randomly (stuck).
 16782 | D:11     | 16782 ||| Stepping randomly (stuck).
 16783 | D:11     | 16783 ||| Stepping randomly (stuck).
 16784 | D:11     | 16784 ||| Stepping randomly (stuck).
 16785 | D:11     | 16785 ||| Stepping randomly (stuck).
 16786 | D:11     | 16786 ||| Stepping randomly (stuck).
 16787 | D:11     | 16787 ||| Stepping randomly (stuck).
 16788 | D:11     | 16788 ||| Stepping randomly (stuck).
 16789 | D:11     | 16789 ||| Stepping randomly (stuck).
 16790 | D:11     | 16790 ||| Stepping randomly (stuck).
 16791 | D:11     | 16791 ||| Stepping randomly (stuck).
 16792 | D:11     | 16792 ||| Stepping randomly (stuck).
 16793 | D:11     | 16793 ||| Stepping randomly (stuck).
 16794 | D:11     | 16794 ||| Stepping randomly (stuck).
 16795 | D:11     | 16795 ||| Stepping randomly (stuck).
 16796 | D:11     | 16796 ||| Stepping randomly (stuck).
 16797 | D:11     | 16797 ||| Stepping randomly (stuck).
 16798 | D:11     | 16798 ||| Stepping randomly (stuck).
 16799 | D:11     | 16799 ||| Stepping randomly (stuck).
 16800 | D:11     | 16800 ||| Stepping randomly (stuck).
 16801 | D:11     | 16801 ||| Stepping randomly (stuck).
 16802 | D:11     | 16802 ||| Stepping randomly (stuck).
 16803 | D:11     | 16803 ||| Stepping randomly (stuck).
 16804 | D:11     | 16804 ||| Stepping randomly (stuck).
 16805 | D:11     | 16805 ||| Stepping randomly (stuck).
 16806 | D:11     | 16806 ||| Stepping randomly (stuck).
 16807 | D:11     | 16807 ||| Stepping randomly (stuck).
 16808 | D:11     | 16808 ||| Stepping randomly (stuck).
 16809 | D:11     | 16809 ||| Stepping randomly (stuck).
 16810 | D:11     | 16810 ||| Stepping randomly (stuck).
 16811 | D:11     | 16811 ||| Stepping randomly (stuck).
 16812 | D:11     | 16812 ||| Stepping randomly (stuck).
 16813 | D:11     | 16813 ||| Stepping randomly (stuck).
 16814 | D:11     | 16814 ||| Stepping randomly (stuck).
 16815 | D:11     | 16815 ||| Stepping randomly (stuck).
 16816 | D:11     | 16816 ||| Stepping randomly (stuck).
 16817 | D:11     | 16817 ||| Stepping randomly (stuck).
 16818 | D:11     | 16818 ||| Stepping randomly (stuck).
 16819 | D:11     | 16819 ||| Stepping randomly (stuck).
 16820 | D:11     | 16820 ||| Stepping randomly (stuck).
 16821 | D:11     | 16821 ||| Stepping randomly (stuck).
 16822 | D:11     | 16822 ||| Stepping randomly (stuck).
 16823 | D:11     | 16823 ||| Stepping randomly (stuck).
 16824 | D:11     | 16824 ||| Stepping randomly (stuck).
 16825 | D:11     | 16825 ||| Stepping randomly (stuck).
 16826 | D:11     | 16826 ||| Stepping randomly (stuck).
 16827 | D:11     | 16827 ||| Stepping randomly (stuck).
 16828 | D:11     | 16828 ||| Stepping randomly (stuck).
 16829 | D:11     | 16829 ||| Stepping randomly (stuck).
 16830 | D:11     | 16830 ||| Stepping randomly (stuck).
 16831 | D:11     | 16831 ||| Stepping randomly (stuck).
 16832 | D:11     | 16832 ||| Stepping randomly (stuck).
 16833 | D:11     | 16833 ||| Stepping randomly (stuck).
 16834 | D:11     | 16834 ||| Stepping randomly (stuck).
 16835 | D:11     | 16835 ||| Stepping randomly (stuck).
 16836 | D:11     | 16836 ||| Stepping randomly (stuck).
 16837 | D:11     | 16837 ||| Stepping randomly (stuck).
 16838 | D:11     | 16838 ||| Stepping randomly (stuck).
 16839 | D:11     | 16839 ||| Stepping randomly (stuck).
 16840 | D:11     | 16840 ||| Stepping randomly (stuck).
 16841 | D:11     | 16841 ||| Stepping randomly (stuck).
 16842 | D:11     | 16842 ||| Stepping randomly (stuck).
 16843 | D:11     | 16843 ||| Stepping randomly (stuck).
 16844 | D:11     | 16844 ||| Stepping randomly (stuck).
 16845 | D:11     | 16845 ||| Stepping randomly (stuck).
 16846 | D:11     | 16846 ||| Stepping randomly (stuck).
 16847 | D:11     | 16847 ||| Stepping randomly (stuck).
 16848 | D:11     | 16848 ||| Stepping randomly (stuck).
 16849 | D:11     | 16849 ||| Stepping randomly (stuck).
 16850 | D:11     | 16850 ||| Stepping randomly (stuck).
 16851 | D:11     | 16851 ||| Stepping randomly (stuck).
 16852 | D:11     | 16852 ||| Stepping randomly (stuck).
 16853 | D:11     | 16853 ||| Stepping randomly (stuck).
 16854 | D:11     | 16854 ||| Stepping randomly (stuck).
 16855 | D:11     | 16855 ||| Stepping randomly (stuck).
 16856 | D:11     | 16856 ||| Stepping randomly (stuck).
 16857 | D:11     | 16857 ||| Stepping randomly (stuck).
 16858 | D:11     | 16858 ||| Stepping randomly (stuck).
 16859 | D:11     | 16859 ||| Stepping randomly (stuck).
 16860 | D:11     | 16860 ||| Stepping randomly (stuck).
 16861 | D:11     | 16861 ||| Stepping randomly (stuck).
 16862 | D:11     | 16862 ||| Stepping randomly (stuck).
 16863 | D:11     | 16863 ||| Stepping randomly (stuck).
 16864 | D:11     | 16864 ||| Stepping randomly (stuck).
 16865 | D:11     | 16865 ||| Stepping randomly (stuck).
 16866 | D:11     | 16866 ||| Stepping randomly (stuck).
 16867 | D:11     | 16867 ||| Stepping randomly (stuck).
 16868 | D:11     | 16868 ||| Stepping randomly (stuck).
 16869 | D:11     | 16869 ||| Stepping randomly (stuck).
 16870 | D:11     | 16870 ||| Stepping randomly (stuck).
 16871 | D:11     | 16871 ||| Stepping randomly (stuck).
 16872 | D:11     | 16872 ||| Stepping randomly (stuck).
 16873 | D:11     | 16873 ||| Stepping randomly (stuck).
 16874 | D:11     | 16874 ||| Stepping randomly (stuck).
 16875 | D:11     | 16875 ||| Stepping randomly (stuck).
 16876 | D:11     | 16876 ||| Stepping randomly (stuck).
 16877 | D:11     | 16877 ||| Stepping randomly (stuck).
 16878 | D:11     | 16878 ||| Stepping randomly (stuck).
 16879 | D:11     | 16879 ||| Stepping randomly (stuck).
 16880 | D:11     | 16880 ||| Stepping randomly (stuck).
 16881 | D:11     | 16881 ||| Stepping randomly (stuck).
 16882 | D:11     | 16882 ||| Stepping randomly (stuck).
 16883 | D:11     | 16883 ||| Stepping randomly (stuck).
 16884 | D:11     | 16884 ||| Stepping randomly (stuck).
 16885 | D:11     | 16885 ||| Stepping randomly (stuck).
 16886 | D:11     | 16886 ||| Stepping randomly (stuck).
 16887 | D:11     | 16887 ||| Stepping randomly (stuck).
 16888 | D:11     | 16888 ||| Stepping randomly (stuck).
 16889 | D:11     | 16889 ||| Stepping randomly (stuck).
 16890 | D:11     | 16890 ||| Stepping randomly (stuck).
 16891 | D:11     | 16891 ||| Stepping randomly (stuck).
 16892 | D:11     | 16892 ||| Stepping randomly (stuck).
 16893 | D:11     | 16893 ||| Stepping randomly (stuck).
 16894 | D:11     | 16894 ||| Stepping randomly (stuck).
 16895 | D:11     | 16895 ||| Stepping randomly (stuck).
 16896 | D:11     | 16896 ||| Stepping randomly (stuck).
 16897 | D:11     | 16897 ||| Stepping randomly (stuck).
 16898 | D:11     | 16898 ||| Stepping randomly (stuck).
 16899 | D:11     | 16899 ||| Stepping randomly (stuck).
 16900 | D:11     | 16900 ||| Stepping randomly (stuck).
 16901 | D:11     | 16901 ||| Stepping randomly (stuck).
 16902 | D:11     | 16902 ||| Stepping randomly (stuck).
 16903 | D:11     | 16903 ||| Stepping randomly (stuck).
 16904 | D:11     | 16904 ||| Stepping randomly (stuck).
 16905 | D:11     | 16905 ||| Stepping randomly (stuck).
 16906 | D:11     | 16906 ||| Stepping randomly (stuck).
 16907 | D:11     | 16907 ||| Stepping randomly (stuck).
 16908 | D:11     | 16908 ||| Stepping randomly (stuck).
 16909 | D:11     | 16909 ||| Stepping randomly (stuck).
 16910 | D:11     | 16910 ||| Stepping randomly (stuck).
 16911 | D:11     | 16911 ||| Stepping randomly (stuck).
 16912 | D:11     | 16912 ||| Stepping randomly (stuck).
 16913 | D:11     | 16913 ||| Stepping randomly (stuck).
 16914 | D:11     | 16914 ||| Stepping randomly (stuck).
 16915 | D:11     | 16915 ||| Stepping randomly (stuck).
 16916 | D:11     | 16916 ||| Stepping randomly (stuck).
 16917 | D:11     | 16917 ||| Stepping randomly (stuck).
 16918 | D:11     | 16918 ||| Stepping randomly (stuck).
 16919 | D:11     | 16919 ||| Stepping randomly (stuck).
 16920 | D:11     | 16920 ||| Stepping randomly (stuck).
 16921 | D:11     | 16921 ||| Stepping randomly (stuck).
 16922 | D:11     | 16922 ||| Stepping randomly (stuck).
 16923 | D:11     | 16923 ||| Stepping randomly (stuck).
 16924 | D:11     | 16924 ||| Stepping randomly (stuck).
 16925 | D:11     | 16925 ||| Stepping randomly (stuck).
 16926 | D:11     | 16926 ||| Stepping randomly (stuck).
 16927 | D:11     | 16927 ||| Stepping randomly (stuck).
 16928 | D:11     | 16928 ||| Stepping randomly (stuck).
 16929 | D:11     | 16929 ||| Stepping randomly (stuck).
 16930 | D:11     | 16930 ||| Stepping randomly (stuck).
 16931 | D:11     | 16931 ||| Stepping randomly (stuck).
 16932 | D:11     | 16932 ||| Stepping randomly (stuck).
 16933 | D:11     | 16933 ||| Stepping randomly (stuck).
 16934 | D:11     | 16934 ||| Stepping randomly (stuck).
 16935 | D:11     | 16935 ||| Stepping randomly (stuck).
 16936 | D:11     | 16936 ||| Stepping randomly (stuck).
 16937 | D:11     | 16937 ||| Stepping randomly (stuck).
 16938 | D:11     | 16938 ||| Stepping randomly (stuck).
 16939 | D:11     | 16939 ||| Stepping randomly (stuck).
 16940 | D:11     | 16940 ||| Stepping randomly (stuck).
 16941 | D:11     | 16941 ||| Stepping randomly (stuck).
 16942 | D:11     | 16942 ||| Stepping randomly (stuck).
 16943 | D:11     | 16943 ||| Stepping randomly (stuck).
 16944 | D:11     | 16944 ||| Stepping randomly (stuck).
 16945 | D:11     | 16945 ||| Stepping randomly (stuck).
 16946 | D:11     | 16946 ||| Stepping randomly (stuck).
 16947 | D:11     | 16947 ||| Stepping randomly (stuck).
 16948 | D:11     | 16948 ||| Stepping randomly (stuck).
 16949 | D:11     | 16949 ||| Stepping randomly (stuck).
 16950 | D:11     | 16950 ||| Stepping randomly (stuck).
 16951 | D:11     | 16951 ||| Stepping randomly (stuck).
 16952 | D:11     | 16952 ||| Stepping randomly (stuck).
 16953 | D:11     | 16953 ||| Stepping randomly (stuck).
 16954 | D:11     | 16954 ||| Stepping randomly (stuck).
 16955 | D:11     | 16955 ||| Stepping randomly (stuck).
 16956 | D:11     | 16956 ||| Stepping randomly (stuck).
 16957 | D:11     | 16957 ||| Stepping randomly (stuck).
 16958 | D:11     | 16958 ||| Stepping randomly (stuck).
 16959 | D:11     | 16959 ||| Stepping randomly (stuck).
 16960 | D:11     | 16960 ||| Stepping randomly (stuck).
 16961 | D:11     | 16961 ||| Stepping randomly (stuck).
 16962 | D:11     | 16962 ||| Stepping randomly (stuck).
 16963 | D:11     | 16963 ||| Stepping randomly (stuck).
 16964 | D:11     | 16964 ||| Stepping randomly (stuck).
 16965 | D:11     | 16965 ||| Stepping randomly (stuck).
 16966 | D:11     | 16966 ||| Stepping randomly (stuck).
 16967 | D:11     | 16967 ||| Stepping randomly (stuck).
 16968 | D:11     | 16968 ||| Stepping randomly (stuck).
 16969 | D:11     | 16969 ||| Stepping randomly (stuck).
 16970 | D:11     | 16970 ||| Stepping randomly (stuck).
 16971 | D:11     | 16971 ||| Stepping randomly (stuck).
 16972 | D:11     | 16972 ||| Stepping randomly (stuck).
 16973 | D:11     | 16973 ||| Stepping randomly (stuck).
 16974 | D:11     | 16974 ||| Stepping randomly (stuck).
 16975 | D:11     | 16975 ||| Stepping randomly (stuck).
 16976 | D:11     | 16976 ||| Stepping randomly (stuck).
 16977 | D:11     | 16977 ||| Stepping randomly (stuck).
 16978 | D:11     | 16978 ||| Stepping randomly (stuck).
 16979 | D:11     | 16979 ||| Stepping randomly (stuck).
 16980 | D:11     | 16980 ||| Stepping randomly (stuck).
 16981 | D:11     | 16981 ||| Stepping randomly (stuck).
 16982 | D:11     | 16982 ||| Stepping randomly (stuck).
 16983 | D:11     | 16983 ||| Stepping randomly (stuck).
 16984 | D:11     | 16984 ||| Stepping randomly (stuck).
 16985 | D:11     | 16985 ||| Stepping randomly (stuck).
 16986 | D:11     | 16986 ||| Stepping randomly (stuck).
 16987 | D:11     | 16987 ||| Stepping randomly (stuck).
 16988 | D:11     | 16988 ||| Stepping randomly (stuck).
 16989 | D:11     | 16989 ||| Stepping randomly (stuck).
 16990 | D:11     | 16990 ||| Stepping randomly (stuck).
 16991 | D:11     | 16991 ||| Stepping randomly (stuck).
 16992 | D:11     | 16992 ||| Stepping randomly (stuck).
 16993 | D:11     | 16993 ||| Stepping randomly (stuck).
 16994 | D:11     | 16994 ||| Stepping randomly (stuck).
 16995 | D:11     | 16995 ||| Stepping randomly (stuck).
 16996 | D:11     | 16996 ||| Stepping randomly (stuck).
 16997 | D:11     | 16997 ||| Stepping randomly (stuck).
 16998 | D:11     | 16998 ||| Stepping randomly (stuck).
 16999 | D:11     | 16999 ||| Stepping randomly (stuck).
 17000 | D:11     | 17000 ||| Stepping randomly (stuck).
 17001 | D:11     | 17001 ||| Stepping randomly (stuck).
 17002 | D:11     | 17002 ||| Stepping randomly (stuck).
 17003 | D:11     | 17003 ||| Stepping randomly (stuck).
 17004 | D:11     | 17004 ||| Stepping randomly (stuck).
 17005 | D:11     | 17005 ||| Stepping randomly (stuck).
 17006 | D:11     | 17006 ||| Stepping randomly (stuck).
 17007 | D:11     | 17007 ||| Stepping randomly (stuck).
 17008 | D:11     | 17008 ||| Stepping randomly (stuck).
 17009 | D:11     | 17009 ||| Stepping randomly (stuck).
 17010 | D:11     | 17010 ||| Stepping randomly (stuck).
 17011 | D:11     | 17011 ||| Stepping randomly (stuck).
 17012 | D:11     | 17012 ||| Stepping randomly (stuck).
 17013 | D:11     | 17013 ||| Stepping randomly (stuck).
 17014 | D:11     | 17014 ||| Stepping randomly (stuck).
 17015 | D:11     | 17015 ||| Stepping randomly (stuck).
 17016 | D:11     | 17016 ||| Stepping randomly (stuck).
 17017 | D:11     | 17017 ||| Stepping randomly (stuck).
 17018 | D:11     | 17018 ||| Stepping randomly (stuck).
 17019 | D:11     | 17019 ||| Stepping randomly (stuck).
 17020 | D:11     | 17020 ||| Stepping randomly (stuck).
 17021 | D:11     | 17021 ||| Stepping randomly (stuck).
 17022 | D:11     | 17022 ||| Stepping randomly (stuck).
 17023 | D:11     | 17023 ||| Stepping randomly (stuck).
 17024 | D:11     | 17024 ||| Stepping randomly (stuck).
 17025 | D:11     | 17025 ||| Stepping randomly (stuck).
 17026 | D:11     | 17026 ||| Stepping randomly (stuck).
 17027 | D:11     | 17027 ||| Stepping randomly (stuck).
 17028 | D:11     | 17028 ||| Stepping randomly (stuck).
 17029 | D:11     | 17029 ||| Stepping randomly (stuck).
 17030 | D:11     | 17030 ||| Stepping randomly (stuck).
 17031 | D:11     | 17031 ||| Stepping randomly (stuck).
 17032 | D:11     | 17032 ||| Stepping randomly (stuck).
 17033 | D:11     | 17033 ||| Stepping randomly (stuck).
 17034 | D:11     | 17034 ||| Stepping randomly (stuck).
 17035 | D:11     | 17035 ||| Stepping randomly (stuck).
 17036 | D:11     | 17036 ||| Stepping randomly (stuck).
 17037 | D:11     | 17037 ||| Stepping randomly (stuck).
 17038 | D:11     | 17038 ||| Stepping randomly (stuck).
 17039 | D:11     | 17039 ||| Stepping randomly (stuck).
 17040 | D:11     | 17040 ||| Stepping randomly (stuck).
 17041 | D:11     | 17041 ||| Stepping randomly (stuck).
 17042 | D:11     | 17042 ||| Stepping randomly (stuck).
 17043 | D:11     | 17043 ||| Stepping randomly (stuck).
 17044 | D:11     | 17044 ||| Stepping randomly (stuck).
 17045 | D:11     | 17045 ||| Stepping randomly (stuck).
 17046 | D:11     | 17046 ||| Stepping randomly (stuck).
 17047 | D:11     | 17047 ||| Stepping randomly (stuck).
 17048 | D:11     | 17048 ||| Stepping randomly (stuck).
 17049 | D:11     | 17049 ||| Stepping randomly (stuck).
 17050 | D:11     | 17050 ||| Stepping randomly (stuck).
 17051 | D:11     | 17051 ||| Stepping randomly (stuck).
 17052 | D:11     | 17052 ||| Stepping randomly (stuck).
 17053 | D:11     | 17053 ||| Stepping randomly (stuck).
 17054 | D:11     | 17054 ||| Stepping randomly (stuck).
 17055 | D:11     | 17055 ||| Stepping randomly (stuck).
 17056 | D:11     | 17056 ||| Stepping randomly (stuck).
 17057 | D:11     | 17057 ||| Stepping randomly (stuck).
 17058 | D:11     | 17058 ||| Stepping randomly (stuck).
 17059 | D:11     | 17059 ||| Stepping randomly (stuck).
 17060 | D:11     | 17060 ||| Stepping randomly (stuck).
 17061 | D:11     | 17061 ||| Stepping randomly (stuck).
 17062 | D:11     | 17062 ||| Stepping randomly (stuck).
 17063 | D:11     | 17063 ||| Stepping randomly (stuck).
 17064 | D:11     | 17064 ||| Stepping randomly (stuck).
 17065 | D:11     | 17065 ||| Stepping randomly (stuck).
 17066 | D:11     | 17066 ||| Stepping randomly (stuck).
 17067 | D:11     | 17067 ||| Stepping randomly (stuck).
 17068 | D:11     | 17068 ||| Stepping randomly (stuck).
 17069 | D:11     | 17069 ||| Stepping randomly (stuck).
 17070 | D:11     | 17070 ||| Stepping randomly (stuck).
 17071 | D:11     | 17071 ||| Stepping randomly (stuck).
 17072 | D:11     | 17072 ||| Stepping randomly (stuck).
 17073 | D:11     | 17073 ||| Stepping randomly (stuck).
 17074 | D:11     | 17074 ||| Stepping randomly (stuck).
 17075 | D:11     | 17075 ||| Stepping randomly (stuck).
 17076 | D:11     | 17076 ||| Stepping randomly (stuck).
 17077 | D:11     | 17077 ||| Stepping randomly (stuck).
 17078 | D:11     | 17078 ||| Stepping randomly (stuck).
 17079 | D:11     | 17079 ||| Stepping randomly (stuck).
 17080 | D:11     | 17080 ||| Stepping randomly (stuck).
 17081 | D:11     | 17081 ||| Stepping randomly (stuck).
 17082 | D:11     | 17082 ||| Stepping randomly (stuck).
 17083 | D:11     | 17083 ||| Stepping randomly (stuck).
 17084 | D:11     | 17084 ||| Stepping randomly (stuck).
 17085 | D:11     | 17085 ||| Stepping randomly (stuck).
 17086 | D:11     | 17086 ||| Stepping randomly (stuck).
 17087 | D:11     | 17087 ||| Stepping randomly (stuck).
 17088 | D:11     | 17088 ||| Stepping randomly (stuck).
 17089 | D:11     | 17089 ||| Stepping randomly (stuck).
 17090 | D:11     | 17090 ||| Stepping randomly (stuck).
 17091 | D:11     | 17091 ||| Stepping randomly (stuck).
 17092 | D:11     | 17092 ||| Stepping randomly (stuck).
 17093 | D:11     | 17093 ||| Stepping randomly (stuck).
 17094 | D:11     | 17094 ||| Stepping randomly (stuck).
 17095 | D:11     | 17095 ||| Stepping randomly (stuck).
 17096 | D:11     | 17096 ||| Stepping randomly (stuck).
 17097 | D:11     | 17097 ||| Stepping randomly (stuck).
 17098 | D:11     | 17098 ||| Stepping randomly (stuck).
 17099 | D:11     | 17099 ||| Stepping randomly (stuck).
 17100 | D:11     | 17100 ||| Stepping randomly (stuck).
 17101 | D:11     | 17101 ||| Stepping randomly (stuck).
 17102 | D:11     | 17102 ||| Stepping randomly (stuck).
 17103 | D:11     | 17103 ||| Stepping randomly (stuck).
 17104 | D:11     | 17104 ||| Stepping randomly (stuck).
 17105 | D:11     | 17105 ||| Stepping randomly (stuck).
 17106 | D:11     | 17106 ||| Stepping randomly (stuck).
 17107 | D:11     | 17107 ||| Stepping randomly (stuck).
 17108 | D:11     | 17108 ||| Stepping randomly (stuck).
 17109 | D:11     | 17109 ||| Stepping randomly (stuck).
 17110 | D:11     | 17110 ||| Stepping randomly (stuck).
 17111 | D:11     | 17111 ||| Stepping randomly (stuck).
 17112 | D:11     | 17112 ||| Stepping randomly (stuck).
 17113 | D:11     | 17113 ||| Stepping randomly (stuck).
 17114 | D:11     | 17114 ||| Stepping randomly (stuck).
 17115 | D:11     | 17115 ||| Stepping randomly (stuck).
 17116 | D:11     | 17116 ||| Stepping randomly (stuck).
 17117 | D:11     | 17117 ||| Stepping randomly (stuck).
 17118 | D:11     | 17118 ||| Stepping randomly (stuck).
 17119 | D:11     | 17119 ||| Stepping randomly (stuck).
 17120 | D:11     | 17120 ||| Stepping randomly (stuck).
 17121 | D:11     | 17121 ||| Stepping randomly (stuck).
 17122 | D:11     | 17122 ||| Stepping randomly (stuck).
 17123 | D:11     | 17123 ||| Stepping randomly (stuck).
 17124 | D:11     | 17124 ||| Stepping randomly (stuck).
 17125 | D:11     | 17125 ||| Stepping randomly (stuck).
 17126 | D:11     | 17126 ||| Stepping randomly (stuck).
 17127 | D:11     | 17127 ||| Stepping randomly (stuck).
 17128 | D:11     | 17128 ||| Stepping randomly (stuck).
 17129 | D:11     | 17129 ||| Stepping randomly (stuck).
 17130 | D:11     | 17130 ||| Stepping randomly (stuck).
 17131 | D:11     | 17131 ||| Stepping randomly (stuck).
 17132 | D:11     | 17132 ||| Stepping randomly (stuck).
 17133 | D:11     | 17133 ||| Stepping randomly (stuck).
 17134 | D:11     | 17134 ||| Stepping randomly (stuck).
 17135 | D:11     | 17135 ||| Stepping randomly (stuck).
 17136 | D:11     | 17136 ||| Stepping randomly (stuck).
 17137 | D:11     | 17137 ||| Stepping randomly (stuck).
 17138 | D:11     | 17138 ||| Stepping randomly (stuck).
 17139 | D:11     | 17139 ||| Stepping randomly (stuck).
 17140 | D:11     | 17140 ||| Stepping randomly (stuck).
 17141 | D:11     | 17141 ||| Stepping randomly (stuck).
 17142 | D:11     | 17142 ||| Stepping randomly (stuck).
 17143 | D:11     | 17143 ||| Stepping randomly (stuck).
 17144 | D:11     | 17144 ||| Stepping randomly (stuck).
 17145 | D:11     | 17145 ||| Stepping randomly (stuck).
 17146 | D:11     | 17146 ||| Stepping randomly (stuck).
 17147 | D:11     | 17147 ||| Stepping randomly (stuck).
 17148 | D:11     | 17148 ||| Stepping randomly (stuck).
 17149 | D:11     | 17149 ||| Stepping randomly (stuck).
 17150 | D:11     | 17150 ||| Stepping randomly (stuck).
 17151 | D:11     | 17151 ||| Stepping randomly (stuck).
 17152 | D:11     | 17152 ||| Stepping randomly (stuck).
 17153 | D:11     | 17153 ||| Stepping randomly (stuck).
 17154 | D:11     | 17154 ||| Stepping randomly (stuck).
 17155 | D:11     | 17155 ||| Stepping randomly (stuck).
 17156 | D:11     | 17156 ||| Stepping randomly (stuck).
 17157 | D:11     | 17157 ||| Stepping randomly (stuck).
 17158 | D:11     | 17158 ||| Stepping randomly (stuck).
 17159 | D:11     | 17159 ||| Stepping randomly (stuck).
 17160 | D:11     | 17160 ||| Stepping randomly (stuck).
 17161 | D:11     | 17161 ||| Stepping randomly (stuck).
 17162 | D:11     | 17162 ||| Stepping randomly (stuck).
 17163 | D:11     | 17163 ||| Stepping randomly (stuck).
 17164 | D:11     | 17164 ||| Stepping randomly (stuck).
 17165 | D:11     | 17165 ||| Stepping randomly (stuck).
 17166 | D:11     | 17166 ||| Stepping randomly (stuck).
 17167 | D:11     | 17167 ||| Stepping randomly (stuck).
 17168 | D:11     | 17168 ||| Stepping randomly (stuck).
 17169 | D:11     | 17169 ||| Stepping randomly (stuck).
 17170 | D:11     | 17170 ||| Stepping randomly (stuck).
 17171 | D:11     | 17171 ||| Stepping randomly (stuck).
 17172 | D:11     | 17172 ||| Stepping randomly (stuck).
 17173 | D:11     | 17173 ||| Stepping randomly (stuck).
 17174 | D:11     | 17174 ||| Stepping randomly (stuck).
 17175 | D:11     | 17175 ||| Stepping randomly (stuck).
 17176 | D:11     | 17176 ||| Stepping randomly (stuck).
 17177 | D:11     | 17177 ||| Stepping randomly (stuck).
 17178 | D:11     | 17178 ||| Stepping randomly (stuck).
 17179 | D:11     | 17179 ||| Stepping randomly (stuck).
 17180 | D:11     | 17180 ||| Stepping randomly (stuck).
 17181 | D:11     | 17181 ||| Stepping randomly (stuck).
 17182 | D:11     | 17182 ||| Stepping randomly (stuck).
 17183 | D:11     | 17183 ||| Stepping randomly (stuck).
 17184 | D:11     | 17184 ||| Stepping randomly (stuck).
 17185 | D:11     | 17185 ||| Stepping randomly (stuck).
 17186 | D:11     | 17186 ||| Stepping randomly (stuck).
 17187 | D:11     | 17187 ||| Stepping randomly (stuck).
 17188 | D:11     | 17188 ||| Stepping randomly (stuck).
 17189 | D:11     | 17189 ||| Stepping randomly (stuck).
 17190 | D:11     | 17190 ||| Stepping randomly (stuck).
 17191 | D:11     | 17191 ||| Stepping randomly (stuck).
 17192 | D:11     | 17192 ||| Stepping randomly (stuck).
 17193 | D:11     | 17193 ||| Stepping randomly (stuck).
 17194 | D:11     | 17194 ||| Stepping randomly (stuck).
 17195 | D:11     | 17195 ||| Stepping randomly (stuck).
 17196 | D:11     | 17196 ||| Stepping randomly (stuck).
 17197 | D:11     | 17197 ||| Stepping randomly (stuck).
 17198 | D:11     | 17198 ||| Stepping randomly (stuck).
 17199 | D:11     | 17199 ||| Stepping randomly (stuck).
 17200 | D:11     | 17200 ||| Stepping randomly (stuck).
 17201 | D:11     | 17201 ||| Stepping randomly (stuck).
 17202 | D:11     | 17202 ||| Stepping randomly (stuck).
 17203 | D:11     | 17203 ||| Stepping randomly (stuck).
 17204 | D:11     | 17204 ||| Stepping randomly (stuck).
 17205 | D:11     | 17205 ||| Stepping randomly (stuck).
 17206 | D:11     | 17206 ||| Stepping randomly (stuck).
 17207 | D:11     | 17207 ||| Stepping randomly (stuck).
 17208 | D:11     | 17208 ||| Stepping randomly (stuck).
 17209 | D:11     | 17209 ||| Stepping randomly (stuck).
 17210 | D:11     | 17210 ||| Stepping randomly (stuck).
 17211 | D:11     | 17211 ||| Stepping randomly (stuck).
 17212 | D:11     | 17212 ||| Stepping randomly (stuck).
 17213 | D:11     | 17213 ||| Stepping randomly (stuck).
 17214 | D:11     | 17214 ||| Stepping randomly (stuck).
 17215 | D:11     | 17215 ||| Stepping randomly (stuck).
 17216 | D:11     | 17216 ||| Stepping randomly (stuck).
 17217 | D:11     | 17217 ||| Stepping randomly (stuck).
 17218 | D:11     | 17218 ||| Stepping randomly (stuck).
 17219 | D:11     | 17219 ||| Stepping randomly (stuck).
 17220 | D:11     | 17220 ||| Stepping randomly (stuck).
 17221 | D:11     | 17221 ||| Stepping randomly (stuck).
 17222 | D:11     | 17222 ||| Stepping randomly (stuck).
 17223 | D:11     | 17223 ||| Stepping randomly (stuck).
 17224 | D:11     | 17224 ||| Stepping randomly (stuck).
 17225 | D:11     | 17225 ||| Stepping randomly (stuck).
 17226 | D:11     | 17226 ||| Stepping randomly (stuck).
 17227 | D:11     | 17227 ||| Stepping randomly (stuck).
 17228 | D:11     | 17228 ||| Stepping randomly (stuck).
 17229 | D:11     | 17229 ||| Stepping randomly (stuck).
 17230 | D:11     | 17230 ||| Stepping randomly (stuck).
 17231 | D:11     | 17231 ||| Stepping randomly (stuck).
 17232 | D:11     | 17232 ||| Stepping randomly (stuck).
 17233 | D:11     | 17233 ||| Stepping randomly (stuck).
 17234 | D:11     | 17234 ||| Stepping randomly (stuck).
 17235 | D:11     | 17235 ||| Stepping randomly (stuck).
 17236 | D:11     | 17236 ||| Stepping randomly (stuck).
 17237 | D:11     | 17237 ||| Stepping randomly (stuck).
 17238 | D:11     | 17238 ||| Stepping randomly (stuck).
 17239 | D:11     | 17239 ||| Stepping randomly (stuck).
 17240 | D:11     | 17240 ||| Stepping randomly (stuck).
 17241 | D:11     | 17241 ||| Stepping randomly (stuck).
 17242 | D:11     | 17242 ||| Stepping randomly (stuck).
 17243 | D:11     | 17243 ||| Stepping randomly (stuck).
 17244 | D:11     | 17244 ||| Stepping randomly (stuck).
 17245 | D:11     | 17245 ||| Stepping randomly (stuck).
 17246 | D:11     | 17246 ||| Stepping randomly (stuck).
 17247 | D:11     | 17247 ||| Stepping randomly (stuck).
 17248 | D:11     | 17248 ||| Stepping randomly (stuck).
 17249 | D:11     | 17249 ||| Stepping randomly (stuck).
 17250 | D:11     | 17250 ||| Stepping randomly (stuck).
 17251 | D:11     | 17251 ||| Stepping randomly (stuck).
 17252 | D:11     | 17252 ||| Stepping randomly (stuck).
 17253 | D:11     | 17253 ||| Stepping randomly (stuck).
 17254 | D:11     | 17254 ||| Stepping randomly (stuck).
 17255 | D:11     | 17255 ||| Stepping randomly (stuck).
 17256 | D:11     | 17256 ||| Stepping randomly (stuck).
 17257 | D:11     | 17257 ||| Stepping randomly (stuck).
 17258 | D:11     | 17258 ||| Stepping randomly (stuck).
 17259 | D:11     | 17259 ||| Stepping randomly (stuck).
 17260 | D:11     | 17260 ||| Stepping randomly (stuck).
 17261 | D:11     | 17261 ||| Stepping randomly (stuck).
 17262 | D:11     | 17262 ||| Stepping randomly (stuck).
 17263 | D:11     | 17263 ||| Stepping randomly (stuck).
 17264 | D:11     | 17264 ||| Stepping randomly (stuck).
 17265 | D:11     | 17265 ||| Stepping randomly (stuck).
 17266 | D:11     | 17266 ||| Stepping randomly (stuck).
 17267 | D:11     | 17267 ||| Stepping randomly (stuck).
 17268 | D:11     | 17268 ||| Stepping randomly (stuck).
 17269 | D:11     | 17269 ||| Stepping randomly (stuck).
 17270 | D:11     | 17270 ||| Stepping randomly (stuck).
 17271 | D:11     | 17271 ||| Stepping randomly (stuck).
 17272 | D:11     | 17272 ||| Stepping randomly (stuck).
 17273 | D:11     | 17273 ||| Stepping randomly (stuck).
 17274 | D:11     | 17274 ||| Stepping randomly (stuck).
 17275 | D:11     | 17275 ||| Stepping randomly (stuck).
 17276 | D:11     | 17276 ||| Stepping randomly (stuck).
 17277 | D:11     | 17277 ||| Stepping randomly (stuck).
 17278 | D:11     | 17278 ||| Stepping randomly (stuck).
 17279 | D:11     | 17279 ||| Stepping randomly (stuck).
 17280 | D:11     | 17280 ||| Stepping randomly (stuck).
 17281 | D:11     | 17281 ||| Stepping randomly (stuck).
 17282 | D:11     | 17282 ||| Stepping randomly (stuck).
 17283 | D:11     | 17283 ||| Stepping randomly (stuck).
 17284 | D:11     | 17284 ||| Stepping randomly (stuck).
 17285 | D:11     | 17285 ||| Stepping randomly (stuck).
 17286 | D:11     | 17286 ||| Stepping randomly (stuck).
 17287 | D:11     | 17287 ||| Stepping randomly (stuck).
 17288 | D:11     | 17288 ||| Stepping randomly (stuck).
 17289 | D:11     | 17289 ||| Stepping randomly (stuck).
 17290 | D:11     | 17290 ||| Stepping randomly (stuck).
 17291 | D:11     | 17291 ||| Stepping randomly (stuck).
 17292 | D:11     | 17292 ||| Stepping randomly (stuck).
 17293 | D:11     | 17293 ||| Stepping randomly (stuck).
 17294 | D:11     | 17294 ||| Stepping randomly (stuck).
 17295 | D:11     | 17295 ||| Stepping randomly (stuck).
 17296 | D:11     | 17296 ||| Stepping randomly (stuck).
 17297 | D:11     | 17297 ||| Stepping randomly (stuck).
 17298 | D:11     | 17298 ||| Stepping randomly (stuck).
 17299 | D:11     | 17299 ||| Stepping randomly (stuck).
 17300 | D:11     | 17300 ||| Stepping randomly (stuck).
 17301 | D:11     | 17301 ||| Stepping randomly (stuck).
 17302 | D:11     | 17302 ||| Stepping randomly (stuck).
 17303 | D:11     | 17303 ||| Stepping randomly (stuck).
 17304 | D:11     | 17304 ||| Stepping randomly (stuck).
 17305 | D:11     | 17305 ||| Stepping randomly (stuck).
 17306 | D:11     | 17306 ||| Stepping randomly (stuck).
 17307 | D:11     | 17307 ||| Stepping randomly (stuck).
 17308 | D:11     | 17308 ||| Stepping randomly (stuck).
 17309 | D:11     | 17309 ||| Stepping randomly (stuck).
 17310 | D:11     | 17310 ||| Stepping randomly (stuck).
 17311 | D:11     | 17311 ||| Stepping randomly (stuck).
 17312 | D:11     | 17312 ||| Stepping randomly (stuck).
 17313 | D:11     | 17313 ||| Stepping randomly (stuck).
 17314 | D:11     | 17314 ||| Stepping randomly (stuck).
 17315 | D:11     | 17315 ||| Stepping randomly (stuck).
 17316 | D:11     | 17316 ||| Stepping randomly (stuck).
 17317 | D:11     | 17317 ||| Stepping randomly (stuck).
 17318 | D:11     | 17318 ||| Stepping randomly (stuck).
 17319 | D:11     | 17319 ||| Stepping randomly (stuck).
 17320 | D:11     | 17320 ||| Stepping randomly (stuck).
 17321 | D:11     | 17321 ||| Stepping randomly (stuck).
 17322 | D:11     | 17322 ||| Stepping randomly (stuck).
 17323 | D:11     | 17323 ||| Stepping randomly (stuck).
 17324 | D:11     | 17324 ||| Stepping randomly (stuck).
 17325 | D:11     | 17325 ||| Stepping randomly (stuck).
 17326 | D:11     | 17326 ||| Stepping randomly (stuck).
 17327 | D:11     | 17327 ||| Stepping randomly (stuck).
 17328 | D:11     | 17328 ||| Stepping randomly (stuck).
 17329 | D:11     | 17329 ||| Stepping randomly (stuck).
 17330 | D:11     | 17330 ||| Stepping randomly (stuck).
 17331 | D:11     | 17331 ||| Stepping randomly (stuck).
 17332 | D:11     | 17332 ||| Stepping randomly (stuck).
 17333 | D:11     | 17333 ||| Stepping randomly (stuck).
 17334 | D:11     | 17334 ||| Stepping randomly (stuck).
 17335 | D:11     | 17335 ||| Stepping randomly (stuck).
 17336 | D:11     | 17336 ||| Stepping randomly (stuck).
 17337 | D:11     | 17337 ||| Stepping randomly (stuck).
 17338 | D:11     | 17338 ||| Stepping randomly (stuck).
 17339 | D:11     | 17339 ||| Stepping randomly (stuck).
 17340 | D:11     | 17340 ||| Stepping randomly (stuck).
 17341 | D:11     | 17341 ||| Stepping randomly (stuck).
 17342 | D:11     | 17342 ||| Stepping randomly (stuck).
 17343 | D:11     | 17343 ||| Stepping randomly (stuck).
 17344 | D:11     | 17344 ||| Stepping randomly (stuck).
 17345 | D:11     | 17345 ||| Stepping randomly (stuck).
 17346 | D:11     | 17346 ||| Stepping randomly (stuck).
 17347 | D:11     | 17347 ||| Stepping randomly (stuck).
 17348 | D:11     | 17348 ||| Stepping randomly (stuck).
 17349 | D:11     | 17349 ||| Stepping randomly (stuck).
 17350 | D:11     | 17350 ||| Stepping randomly (stuck).
 17351 | D:11     | 17351 ||| Stepping randomly (stuck).
 17352 | D:11     | 17352 ||| Stepping randomly (stuck).
 17353 | D:11     | 17353 ||| Stepping randomly (stuck).
 17354 | D:11     | 17354 ||| Stepping randomly (stuck).
 17355 | D:11     | 17355 ||| Stepping randomly (stuck).
 17356 | D:11     | 17356 ||| Stepping randomly (stuck).
 17357 | D:11     | 17357 ||| Stepping randomly (stuck).
 17358 | D:11     | 17358 ||| Stepping randomly (stuck).
 17359 | D:11     | 17359 ||| Stepping randomly (stuck).
 17360 | D:11     | 17360 ||| Stepping randomly (stuck).
 17361 | D:11     | 17361 ||| Stepping randomly (stuck).
 17362 | D:11     | 17362 ||| Stepping randomly (stuck).
 17363 | D:11     | 17363 ||| Stepping randomly (stuck).
 17364 | D:11     | 17364 ||| Stepping randomly (stuck).
 17365 | D:11     | 17365 ||| Stepping randomly (stuck).
 17366 | D:11     | 17366 ||| Stepping randomly (stuck).
 17367 | D:11     | 17367 ||| Stepping randomly (stuck).
 17368 | D:11     | 17368 ||| Stepping randomly (stuck).
 17369 | D:11     | 17369 ||| Stepping randomly (stuck).
 17370 | D:11     | 17370 ||| Stepping randomly (stuck).
 17371 | D:11     | 17371 ||| Stepping randomly (stuck).
 17372 | D:11     | 17372 ||| Stepping randomly (stuck).
 17373 | D:11     | 17373 ||| Stepping randomly (stuck).
 17374 | D:11     | 17374 ||| Stepping randomly (stuck).
 17375 | D:11     | 17375 ||| Stepping randomly (stuck).
 17376 | D:11     | 17376 ||| Stepping randomly (stuck).
 17377 | D:11     | 17377 ||| Stepping randomly (stuck).
 17378 | D:11     | 17378 ||| Stepping randomly (stuck).
 17379 | D:11     | 17379 ||| Stepping randomly (stuck).
 17380 | D:11     | 17380 ||| Stepping randomly (stuck).
 17381 | D:11     | 17381 ||| Stepping randomly (stuck).
 17382 | D:11     | 17382 ||| Stepping randomly (stuck).
 17383 | D:11     | 17383 ||| Stepping randomly (stuck).
 17384 | D:11     | 17384 ||| Stepping randomly (stuck).
 17385 | D:11     | 17385 ||| Stepping randomly (stuck).
 17386 | D:11     | 17386 ||| Stepping randomly (stuck).
 17387 | D:11     | 17387 ||| Stepping randomly (stuck).
 17388 | D:11     | 17388 ||| Stepping randomly (stuck).
 17389 | D:11     | 17389 ||| Stepping randomly (stuck).
 17390 | D:11     | 17390 ||| Stepping randomly (stuck).
 17391 | D:11     | 17391 ||| Stepping randomly (stuck).
 17392 | D:11     | 17392 ||| Stepping randomly (stuck).
 17393 | D:11     | 17393 ||| Stepping randomly (stuck).
 17394 | D:11     | 17394 ||| Stepping randomly (stuck).
 17395 | D:11     | 17395 ||| Stepping randomly (stuck).
 17396 | D:11     | 17396 ||| Stepping randomly (stuck).
 17397 | D:11     | 17397 ||| Stepping randomly (stuck).
 17398 | D:11     | 17398 ||| Stepping randomly (stuck).
 17399 | D:11     | 17399 ||| Stepping randomly (stuck).
 17400 | D:11     | 17400 ||| Stepping randomly (stuck).
 17401 | D:11     | 17401 ||| Stepping randomly (stuck).
 17402 | D:11     | 17402 ||| Stepping randomly (stuck).
 17403 | D:11     | 17403 ||| Stepping randomly (stuck).
 17404 | D:11     | 17404 ||| Stepping randomly (stuck).
 17405 | D:11     | 17405 ||| Stepping randomly (stuck).
 17406 | D:11     | 17406 ||| Stepping randomly (stuck).
 17407 | D:11     | 17407 ||| Stepping randomly (stuck).
 17408 | D:11     | 17408 ||| Stepping randomly (stuck).
 17409 | D:11     | 17409 ||| Stepping randomly (stuck).
 17410 | D:11     | 17410 ||| Stepping randomly (stuck).
 17411 | D:11     | 17411 ||| Stepping randomly (stuck).
 17412 | D:11     | 17412 ||| Stepping randomly (stuck).
 17413 | D:11     | 17413 ||| Stepping randomly (stuck).
 17414 | D:11     | 17414 ||| Stepping randomly (stuck).
 17415 | D:11     | 17415 ||| Stepping randomly (stuck).
 17416 | D:11     | 17416 ||| Stepping randomly (stuck).
 17417 | D:11     | 17417 ||| Stepping randomly (stuck).
 17418 | D:11     | 17418 ||| Stepping randomly (stuck).
 17419 | D:11     | 17419 ||| Stepping randomly (stuck).
 17420 | D:11     | 17420 ||| Stepping randomly (stuck).
 17421 | D:11     | 17421 ||| Stepping randomly (stuck).
 17422 | D:11     | 17422 ||| Stepping randomly (stuck).
 17423 | D:11     | 17423 ||| Stepping randomly (stuck).
 17424 | D:11     | 17424 ||| Stepping randomly (stuck).
 17425 | D:11     | 17425 ||| Stepping randomly (stuck).
 17426 | D:11     | 17426 ||| Stepping randomly (stuck).
 17427 | D:11     | 17427 ||| Stepping randomly (stuck).
 17428 | D:11     | 17428 ||| Stepping randomly (stuck).
 17429 | D:11     | 17429 ||| Stepping randomly (stuck).
 17430 | D:11     | 17430 ||| Stepping randomly (stuck).
 17431 | D:11     | 17431 ||| Stepping randomly (stuck).
 17432 | D:11     | 17432 ||| Stepping randomly (stuck).
 17433 | D:11     | 17433 ||| Stepping randomly (stuck).
 17434 | D:11     | 17434 ||| Stepping randomly (stuck).
 17435 | D:11     | 17435 ||| Stepping randomly (stuck).
 17436 | D:11     | 17436 ||| Stepping randomly (stuck).
 17437 | D:11     | 17437 ||| Stepping randomly (stuck).
 17438 | D:11     | 17438 ||| Stepping randomly (stuck).
 17439 | D:11     | 17439 ||| Stepping randomly (stuck).
 17440 | D:11     | 17440 ||| Stepping randomly (stuck).
 17441 | D:11     | 17441 ||| Stepping randomly (stuck).
 17442 | D:11     | 17442 ||| Stepping randomly (stuck).
 17443 | D:11     | 17443 ||| Stepping randomly (stuck).
 17444 | D:11     | 17444 ||| Stepping randomly (stuck).
 17445 | D:11     | 17445 ||| Stepping randomly (stuck).
 17446 | D:11     | 17446 ||| Stepping randomly (stuck).
 17447 | D:11     | 17447 ||| Stepping randomly (stuck).
 17448 | D:11     | 17448 ||| Stepping randomly (stuck).
 17449 | D:11     | 17449 ||| Stepping randomly (stuck).
 17450 | D:11     | 17450 ||| Stepping randomly (stuck).
 17451 | D:11     | 17451 ||| Stepping randomly (stuck).
 17452 | D:11     | 17452 ||| Stepping randomly (stuck).
 17453 | D:11     | 17453 ||| Stepping randomly (stuck).
 17454 | D:11     | 17454 ||| Stepping randomly (stuck).
 17455 | D:11     | 17455 ||| Stepping randomly (stuck).
 17456 | D:11     | 17456 ||| Stepping randomly (stuck).
 17457 | D:11     | 17457 ||| Stepping randomly (stuck).
 17458 | D:11     | 17458 ||| Stepping randomly (stuck).
 17459 | D:11     | 17459 ||| Stepping randomly (stuck).
 17460 | D:11     | 17460 ||| Stepping randomly (stuck).
 17461 | D:11     | 17461 ||| Stepping randomly (stuck).
 17462 | D:11     | 17462 ||| Stepping randomly (stuck).
 17463 | D:11     | 17463 ||| Stepping randomly (stuck).
 17464 | D:11     | 17464 ||| Stepping randomly (stuck).
 17465 | D:11     | 17465 ||| Stepping randomly (stuck).
 17466 | D:11     | 17466 ||| Stepping randomly (stuck).
 17467 | D:11     | 17467 ||| Stepping randomly (stuck).
 17468 | D:11     | 17468 ||| Stepping randomly (stuck).
 17469 | D:11     | 17469 ||| Stepping randomly (stuck).
 17470 | D:11     | 17470 ||| Stepping randomly (stuck).
 17471 | D:11     | 17471 ||| Stepping randomly (stuck).
 17472 | D:11     | 17472 ||| Stepping randomly (stuck).
 17473 | D:11     | 17473 ||| Stepping randomly (stuck).
 17474 | D:11     | 17474 ||| Stepping randomly (stuck).
 17475 | D:11     | 17475 ||| Stepping randomly (stuck).
 17476 | D:11     | 17476 ||| Stepping randomly (stuck).
 17477 | D:11     | 17477 ||| Stepping randomly (stuck).
 17478 | D:11     | 17478 ||| Stepping randomly (stuck).
 17479 | D:11     | 17479 ||| Stepping randomly (stuck).
 17480 | D:11     | 17480 ||| Stepping randomly (stuck).
 17481 | D:11     | 17481 ||| Stepping randomly (stuck).
 17482 | D:11     | 17482 ||| Stepping randomly (stuck).
 17483 | D:11     | 17483 ||| Stepping randomly (stuck).
 17484 | D:11     | 17484 ||| Stepping randomly (stuck).
 17485 | D:11     | 17485 ||| Stepping randomly (stuck).
 17486 | D:11     | 17486 ||| Stepping randomly (stuck).
 17487 | D:11     | 17487 ||| Stepping randomly (stuck).
 17488 | D:11     | 17488 ||| Stepping randomly (stuck).
 17489 | D:11     | 17489 ||| Stepping randomly (stuck).
 17490 | D:11     | 17490 ||| Stepping randomly (stuck).
 17491 | D:11     | 17491 ||| Stepping randomly (stuck).
 17492 | D:11     | 17492 ||| Stepping randomly (stuck).
 17493 | D:11     | 17493 ||| Stepping randomly (stuck).
 17494 | D:11     | 17494 ||| Stepping randomly (stuck).
 17495 | D:11     | 17495 ||| Stepping randomly (stuck).
 17496 | D:11     | 17496 ||| Stepping randomly (stuck).
 17497 | D:11     | 17497 ||| Stepping randomly (stuck).
 17498 | D:11     | 17498 ||| Stepping randomly (stuck).
 17499 | D:11     | 17499 ||| Stepping randomly (stuck).
 17500 | D:11     | 17500 ||| Stepping randomly (stuck).
 17501 | D:11     | 17501 ||| Stepping randomly (stuck).
 17502 | D:11     | 17502 ||| Stepping randomly (stuck).
 17503 | D:11     | 17503 ||| Stepping randomly (stuck).
 17504 | D:11     | 17504 ||| Stepping randomly (stuck).
 17505 | D:11     | 17505 ||| Stepping randomly (stuck).
 17506 | D:11     | 17506 ||| Stepping randomly (stuck).
 17507 | D:11     | 17507 ||| Stepping randomly (stuck).
 17508 | D:11     | 17508 ||| Stepping randomly (stuck).
 17509 | D:11     | 17509 ||| Stepping randomly (stuck).
 17510 | D:11     | 17510 ||| Stepping randomly (stuck).
 17511 | D:11     | 17511 ||| Stepping randomly (stuck).
 17512 | D:11     | 17512 ||| Stepping randomly (stuck).
 17513 | D:11     | 17513 ||| Stepping randomly (stuck).
 17514 | D:11     | 17514 ||| Stepping randomly (stuck).
 17515 | D:11     | 17515 ||| Stepping randomly (stuck).
 17516 | D:11     | 17516 ||| Stepping randomly (stuck).
 17517 | D:11     | 17517 ||| Stepping randomly (stuck).
 17518 | D:11     | 17518 ||| Stepping randomly (stuck).
 17519 | D:11     | 17519 ||| Stepping randomly (stuck).
 17520 | D:11     | 17520 ||| Stepping randomly (stuck).
 17521 | D:11     | 17521 ||| Stepping randomly (stuck).
 17522 | D:11     | 17522 ||| Stepping randomly (stuck).
 17523 | D:11     | 17523 ||| Stepping randomly (stuck).
 17524 | D:11     | 17524 ||| Stepping randomly (stuck).
 17525 | D:11     | 17525 ||| Stepping randomly (stuck).
 17526 | D:11     | 17526 ||| Stepping randomly (stuck).
 17527 | D:11     | 17527 ||| Stepping randomly (stuck).
 17528 | D:11     | 17528 ||| Stepping randomly (stuck).
 17529 | D:11     | Quit the game

Levels and vault maps discovered:
D:1:      dpeg_arrival_castle, layout_rooms, minmay_close_crescents
D:2:      layout_rooms, hellmonk_ecumenical_altar_inner_sanctum
D:3:      layout_rooms, nicolae_kikubaaqudgha_miasma_corner, wad_orctagon
D:4:      layout_basic
D:5:      layout_basic, temple_hall, uniq_prince_ribbit1, uniq_sigmund
D:6:      layout_loops_ring, gup_sewer_entry_pipe, uniq_maggie
D:7:      layout_loops_ring, nicolae_overflow_hallway_of_the_gods,
          ebering_ghost_reflecting_pool, enter_bailey_2
D:8:      layout_gridville, lair_entry_dummy, serial_shops, nicolae_shop_stone
D:9:      minmay_statue_hallways, layout_layer_cave
D:10:     layout_cave_pods, minmay_misc_feat_enclosed, minmay_misc_feat_roman,
          st_stairs_7, nicolae_shop_distant_corner_stores, roderic_roman_lattice
D:11:     layout_irregular_city, gauntlet_entry_generic, serial_shops,
          bzr_entry_gold
Temple:   hellmonk_temple_divided_pantheon
Lair:1:   layout_chaotic_city, beast_lair_carwin_7, grunt_megastairs_1
Lair:2:   layout_regular_city
Lair:3:   layout_roguey, elwin_shoals_entry_stream, spider_nest_entry_rubble
Lair:4:   layout_gridlike, slime_entry_2, st_stairs_5
Lair:5:   due_jungle_book, layout_regular_city, enter_volcano_2, minivault_25,
          chequers_serial_rivers_small_b, nicolae_lair_time_for_slime,
          grunt_megastairs_5, infiniplex_staircase_pool_2

Skill      XL: |  1  2  3  4  5  6  7  8  9 10 11 12 13 14 |
---------------+-------------------------------------------+-----
Axes           | 2 3 4 5 6 7 8 9 10 11 13 | 13.0
Fighting       | 4 5 6 7 8 9 10 | 10.0
Dodging        | 1 |  1.0
Armour         | 4 6 8 9 10 11 12 | 12.4
Invocations    | 2 4 7 10 | 10.0
Shields        | 7 9 10 11 | 11.1
Throwing       | 2 3 4 |  4.0

Action                     |  1- 3 |  4- 6 |  7- 9 | 10-12 | 13-15 || total
---------------------------+-------+-------+-------+-------+-------++-------
  Melee: War axe           |    86 |   160 |   284 |   514 |   253 ||  1297
         Kick              |       |       |    20 |   161 |   136 ||   317
         Broad axe         |       |       |       |       |   120 ||   120
  Throw: Boomerang         |       |       |    23 |    79 |     9 ||   111
         Javelin           |       |       |       |    15 |    30 ||    45
 Invoke: Heroism           |       |       |     8 |    23 |     8 ||    39
         Finesse           |       |       |       |     1 |     2 ||     3
    Use: Scroll            |     3 |     7 |     5 |     7 |     5 ||    27
         Potion            |       |     5 |     3 |     1 |     1 ||    10
 Armour: Scale mail        |    33 |    69 |       |       |       ||   102
         Chain mail        |       |    23 |    82 |       |       ||   105
         Crystal plate arm |       |       |    51 |   322 |   198 ||   571
         Plate armour      |       |       |     9 |       |       ||     9
  Dodge: Dodged            |    33 |    44 |    66 |   102 |   101 ||   346
  Block: Buckler           |    11 |    25 |    23 |       |       ||    59
         Kite shield       |       |       |    41 |   331 |   296 ||   668
         Reflection        |       |       |       |     1 |     2 ||     3

Table legend:
 A = Non-vault XP
 B = Vault XP
 C = Vault XP percentage of total XP
 D = Non-vault monster count
 E = Vault monster count
 F = Vault count percentage of total count
                 A         B        C        D         E       F
            +---------+---------+-------+---------+---------+-------
      Total |   35635 |   21238 |  37.3 |     313 |      97 |  23.7
            +---------+---------+-------+---------+---------+-------
        D:1 |      52 |      10 |  16.1 |      25 |       5 |  16.7
        D:2 |      42 |       0 |   0.0 |      22 |       0 |   0.0
        D:3 |     146 |      12 |   7.6 |      16 |       4 |  20.0
        D:4 |     276 |       0 |   0.0 |      18 |       0 |   0.0
        D:5 |     717 |     507 |  41.4 |      18 |       2 |  10.0
        D:6 |     751 |     428 |  36.3 |      13 |       6 |  31.6
        D:7 |    1349 |       0 |   0.0 |      29 |       0 |   0.0
        D:8 |    1822 |       0 |   0.0 |      14 |       0 |   0.0
        D:9 |    1376 |     640 |  31.7 |      25 |       1 |   3.8
       D:10 |     606 |      35 |   5.5 |      11 |       1 |   8.3
       D:11 |    2747 |       0 |   0.0 |      16 |       0 |   0.0
     Lair:1 |    4216 |    1340 |  24.1 |      21 |       8 |  27.6
     Lair:2 |    3879 |       0 |   0.0 |      19 |       0 |   0.0
     Lair:3 |    2594 |    1810 |  41.1 |       8 |       5 |  38.5
     Lair:4 |    7721 |       0 |   0.0 |      28 |       0 |   0.0
     Lair:5 |    7341 |   16371 |  69.0 |      30 |      42 |  58.3
      Sewer |       0 |      85 | 100.0 |       0 |      23 | 100.0
            +---------+---------+-------+---------+---------+-------
